Workbook
Name \a: #REF!
Name \a: #REF!
Name \a: #REF!
Name \a: #REF!
Name \a: #REF!
Name \a: #REF!
Name \a: #REF!
Name \s: #REF!
Name \s: #REF!
Name \s: #REF!
Name \s: #REF!
Name \s: #REF!
Name \s: #REF!
Name \s: #REF!
Name \X: N°15!ERR
Name \X: N°17!ERR
Name \X: N°16!ERR
Name \Z: N°15!ERR
Name \Z: N°17!ERR
Name \Z: N°16!ERR
Name _________AFC1: [1]INV!$A$25:$D$28
Name _________AFC3: [1]INV!$F$25:$I$28
Name _________AFC5: [1]INV!$K$25:$N$28
Name _________BGC1: [1]INV!$A$5:$D$8
Name _________BGC3: [1]INV!$F$5:$I$8
Name _________BGC5: [1]INV!$K$5:$N$8
Name _________CAC1: [1]INV!$A$19:$D$22
Name _________CAC3: [1]INV!$F$19:$I$22
Name _________CAC5: [1]INV!$K$19:$N$22
Name _________PJ50: #REF!
Name _________PJ50: #REF!
Name _________PJ50: #REF!
Name _________PJ50: #REF!
Name _________PJ50: #REF!
Name _________PJ50: #REF!
Name _________PJ50: #REF!
Name _________SBC1: [1]INV!$A$12:$D$15
Name _________SBC3: [1]INV!$F$12:$I$15
Name _________SBC5: [1]INV!$K$12:$N$15
Name ________AFC1: [1]INV!$A$25:$D$28
Name ________AFC3: [1]INV!$F$25:$I$28
Name ________AFC5: [1]INV!$K$25:$N$28
Name ________BGC1: [1]INV!$A$5:$D$8
Name ________BGC3: [1]INV!$F$5:$I$8
Name ________BGC5: [1]INV!$K$5:$N$8
Name ________CAC1: [1]INV!$A$19:$D$22
Name ________CAC3: [1]INV!$F$19:$I$22
Name ________CAC5: [1]INV!$K$19:$N$22
Name ________MA2: #REF!
Name ________MA2: #REF!
Name ________MA2: #REF!
Name ________MA2: #REF!
Name ________MA2: #REF!
Name ________MA2: #REF!
Name ________MA2: #REF!
Name ________PJ50: #REF!
Name ________PJ50: #REF!
Name ________PJ50: #REF!
Name ________PJ50: #REF!
Name ________PJ50: #REF!

Sheet RESUMEN CANTIDADES PPTO OFICIAL
A1: Suministro e Instalacion de Lamparas de sobreponer de 24 Vatios | B1: UND | C1: =C3+C13+C17 -> 42
A3: PRIMER PISO | C3: =SUM(C4:C11) -> 20
A4: SALA DE JUNTAS | B4: UND | C4: 2
A5: ING. RED TERCIARIA | B5: UND | C5: 3
A6: FINANCIERA | B6: UND | C6: 2
A7: JURIDICA | B7: UND | C7: 1
A8: SALA DE ESPERA | B8: UND | C8: 6
A9: ENTRADA | B9: UND | C9: 2
A10: COCINA | B10: UND | C10: 1
A11: ATENCION USUARIO | B11: UND | C11: 3
A13: SEGUNDO PISO | C13: =SUM(C14:C15) -> 10
A14: INGENIEROS | B14: UND | C14: 5
A15: DIRECTOR | B15: UND | C15: 5
A17: ZONA DE ARCHIVO | C17: =SUM(C18:C19) -> 12
A18: ARCHIVO | B18: UND | C18: 10
A19: OFICINA BODEGA | B19: UND | C19: 2
A21: Resane e impermeabilización de muros | B21: M2 | C21: =SUM(C23:C25) -> 75
A23: MURO JARDINERA AUDITORIO (2 LADOS) | B23: M2 | C23: =11.5*2*2 -> 46
A24: PAREDES SALA ESPERA INVIAS ARRIBA DOMO | B24: M2 | C24: 25
A25: ATENCION USUARIO | B25: M2 | C25: =4*1 -> 4
A27: Pintura vinilo para repinte de muros exteriores en fachadas sobre texturizado. (2 manos sobre pintura existente del mismo color) | B27: M2 | C27: =ROUND((SUM(C29:C33)*2),0) -> 567
A29: FACHADA PRIMER PISO ENTRADA Y SALA DE ESPERA | B29: M2 | C29: 56.35
A30: FACHADA SEGUNDO PISO ENTRADA Y SALA DE ESPERA | B30: M2 | C30: 30
A31: FACHADA TERRAZA DIRECTOR SEGUNDO PISO | B31: M2 | C31: 26.88
A32: FACHADA PRINCIPAL AVENIDA | B32: M2 | C32: =90.75+59.4 -> 150.15
A33: FACHADA AUDITORIO AVENIDA | B33: M2 | C33: 20.2
A35: Pintura vinilo para repinte de muros interiores con estuco (2 manos sobre pintura existente del mismo color) | B35: M2 | C35: =ROUND(((C37+C44)*2),0) -> 1754
A37: PRIMER PISO | C37: =SUM(C38:C42) -> 546.425
A38: FINANCIERA | B38: M2 | C38: ='[39]AREA PINTURA TOTAL SEDE '!D17+'[39]AREA PINTURA TOTAL SEDE '!D18+'[39]AREA PINTURA TOTAL SEDE '!D19 -> 55.16
A39: SALA DE ESPERA | B39: M2 | C39: ='[39]AREA PINTURA TOTAL SEDE '!D42+'[39]AREA PINTURA TOTAL SEDE '!D43+'[39]AREA PINTURA TOTAL SEDE '!D44+'[39]AREA PINTURA TOTAL SEDE '!D45+'[39]AREA PINTURA TOTAL SEDE '!D46+'[39]AREA PINTURA TOTAL SEDE '!D47+'[39]AREA PINTURA TOTAL SEDE '!D48 -> 168.34
A40: COCINA | B40: M2 | C40: ='[39]AREA PINTURA TOTAL SEDE '!D37+'[39]AREA PINTURA TOTAL SEDE '!D38+'[39]AREA PINTURA TOTAL SEDE '!D39 -> 26.52
A41: ARCHIVO | B41: M2 | C41: ='[39]AREA PINTURA TOTAL SEDE '!D51+'[39]AREA PINTURA TOTAL SEDE '!D52+'[39]AREA PINTURA TOTAL SEDE '!D53 -> 200
A42: OFICINA BODEGA | B42: M2 | C42: ='[39]AREA PINTURA TOTAL SEDE '!D60+'[39]AREA PINTURA TOTAL SEDE '!D61+'[39]AREA PINTURA TOTAL SEDE '!D62 -> 96.405
A44: SEGUNDO PISO | C44: =SUM(C45:C47) -> 330.56
A45: INGENIEROS | B45: M2 | C45: ='[39]AREA PINTURA TOTAL SEDE '!D67+'[39]AREA PINTURA TOTAL SEDE '!D68+'[39]AREA PINTURA TOTAL SEDE '!D69 -> 178.23
A46: DIRECTOR | B46: M2 | C46: ='[39]AREA PINTURA TOTAL SEDE '!D77+'[39]AREA PINTURA TOTAL SEDE '!D78+'[39]AREA PINTURA TOTAL SEDE '!D79 -> 116
A47: SECRETARIA | B47: M2 | C47: ='[39]AREA PINTURA TOTAL SEDE '!D72+'[39]AREA PINTURA TOTAL SEDE '!D73+'[39]AREA PINTURA TOTAL SEDE '!D74 -> 36.33
A49: Pintura vinilo para repinte de muros exteriores en fachada con estuco. | B49: M2 | C49: =ROUND((SUM(C51:C53)*2),0) -> 293
A51: PARQUEADERO CENS | B51: M2 | C51: ='[39]AREA PINTURA TOTAL SEDE '!I19 -> 38.42
A52: LATERAL ATENCION AL CIUDADANO | B52: M2 | C52: ='[39]AREA PINTURA TOTAL SEDE '!I22 -> 44.08
A53: LATERAL UNIVERSIDAD GARITA | B53: M2 | C53: ='[39]AREA PINTURA TOTAL SEDE '!I25+'[39]AREA PINTURA TOTAL SEDE '!I26 -> 63.75
A55: Pintura esmalte para puertas en madera | B55: M2 | C55: =ROUND((C57+C68+C73+C76+C77),0) -> 94
A57: PRIMER PISO | B57: M2 | C57: =ROUND((SUM(C58:C66)*2),0) -> 46
A58: ENTRADA (1) | B58: M2 | C58: =1.4*2.1 -> 2.94
A59: SALA DE JUNTAS (2) | B59: M2 | C59: =(0.85*2)+(0.85*2) -> 3.4
A60: ING. RED TERCIARIA (2) | B60: M2 | C60: =(0.69*2)+(0.85*2) -> 3.08
A61: FINANCIERA (2) | B61: M2 | C61: =(0.69*2)+(0.85*2) -> 3.08
A62: JURIDICA (2) | B62: M2 | C62: =(0.69*2)+(0.85*2) -> 3.08
A63: CONDUCTOR (1) | B63: M2 | C63: =(0.85*2) -> 1.7
A64: ATENCION AL CIUDADANO (1) | B64: M2 | C64: =(0.85*2) -> 1.7
A65: BAÑOS (2) | B65: M2 | C65: =(0.67*2)+(0.67*2) -> 2.68
A66: COCINA (1) | B66: M2 | C66: =(0.75*2) -> 1.5
A68: SEGUNDO PISO | B68: M2 | C68: =ROUND((SUM(C69:C71)*2),0) -> 18
A69: INGENIERO UNIV. (2) | B69: M2 | C69: =(0.69*2)+(0.85*2) -> 3.08
A70: INGENIERO PROF. (2) | B70: M2 | C70: =(0.69*2)+(0.85*2) -> 3.08
A71: DIRECTOR (2) | B71: M2 | C71: =(0.8*1.9)+(0.6*1.9) -> 2.66
A73: ZONA DE ARCHIVO | B73: M2 | C73: =ROUND((SUM(C74:C74)*2),0) -> 3
A74: ARCHIVO | B74: M2 | C74: =0.93*1.87 -> 1.7391
A76: MARCOS DE PUERTAS | B76: M2 | C76: =(1.4*0.17)+(2.1*0.17*2)+0.82+0.82+0.8+0.82+0.8+0.82+0.8+0.82+0.82+0.82+0.8+0.8+0.81+0.8+0.82+0.8+0.82+0.82+0.82 -> 16.382
A77: MARCOS DE VENTANAS | B77: M2 | C77: =(3.65*3*0.2)+(1.4*5*0.2)+(1.3*3*0.18)+(2.3*3*0.18)+(1.3*2*0.18)+(0.95*3*0.18)+(1.4*4*0.18)+(3.3*3*0.18)+(1.4*3*0.18)+(1.45*3*0.18) -> 10.844
A79: Pintura esmalte para puertas en lámina | B79: M2 | C79: =C81+C88+C90 -> 44
A81: PRIMER PISO | B81: M2 | C81: =ROUND((SUM(C82:C86)*2),0) -> 23
A82: ENTRADA (1) | B82: M2 | C82: =0.94*2 -> 1.88
A83: OFICINA BODEGA (1) | B83: M2 | C83: =0.94*1.96 -> 1.8424
A84: BODEGUITA PARQUEADEROS (1) | B84: M2 | C84: =0.9*1.9 -> 1.71
A85: PIEZA PORTEROS (1) | B85: M2 | C85: =1.07*2.1 -> 2.247
A86: ENTRADA PRINCIPAL (2) | B86: M2 | C86: =(0.85*2.3)+(0.85*2.35) -> 3.9525
A88: AUDITORIO | B88: M2 | C88: =3*3*2 -> 18
A90: TANQUE INGENIEROS | B90: M2 | C90: =1.5*1*2 -> 3
A92: Pintura esmalte para ventanas en lámina | B92: M2 | C92: =C94+C96+C98+C100 -> 17.84
A94: SECRETARIA SEGUNDO PISO | B94: M2 | C94: =1.2*2*2 -> 4.8
A96: OFICINAS PRIMER PISO FACHADA A LA CALLE | B96: M2 | C96: =(3.5*4*0.2)+(4.4*2*0.2)+(0.4*6*0.2) -> 5.04
A98: BARANDA SEGUNDO PISO PASILLO | B98: M2 | C98: 3
A100: VENTANAS AUDITORIO | B100: M2 | C100: 5
A102: Demolición piso existente en tableta de gress | B102: M2 | C102: =9.5*4 -> 38
A104: Instalación piso en tableta de gress 25x25 | B104: M2 | C104: =9.5*4 -> 38
A106: Impermeabilización de placas de cubierta de la oficina de recepción, con pintura impermeabilizante transparente | B106: M2 | C106: =9.5*4 -> 38

Sheet PRESUPUESTO OFICIAL
B1: INSTITUTO NACIONAL DE VIAS
B2: SUBDIRECCION ADMINISTRATIVA
B3: DIRECCION TERRITORIAL OCAÑA
B5: ADECUACIÓN Y MANTENIMIENTO DE LA SEDE INVIAS DIRECCIÓN TERRITORIAL OCAÑA (Dando cumplimiento a la NTC 6047-2013)
B7: PRESUPUESTO OFICIAL
B9: No | C9: ITEM DE PAGO | D9: ESPECIFICACIONES | F9: DESCRIPCION | G9: UNID | H9: CANTIDAD | I9: VALOR UNITARIO | J9: VALOR TOTAL
D10: GENERAL | E10: PARTICULAR
B12: OBRAS PARA LA ADECUACIÓN DE LA SEDE | J12: =J13+J16+J19+J28+J31+J34 -> 87562188
B13: INSTALACIONES ELECTRICAS | J13: =SUM(J14:J15) -> 6145388
B14: 1 | F14: Acometida eléctrica para conexión de la planta eléctrica de emergencia (incluye puesta en funcionamiento de la planta eléctrica) | G14: gl | H14: 1 | I14: =N°1!N89 -> 3690866 | J14: =H14*I14 -> 3690866 | K14: ok
B15: 2 | F15: Suministro e Instalacion de Lamparas de sobreponer de 24 Vatios | G15: Und | H15: ='RESUMEN CANTIDADES PPTO OFICIAL'!C1 -> 42 | I15: =N°2!N82 -> 58441 | J15: =H15*I15 -> 2454522 | K15: Se tomaron en cuenta todas las oficinas (Primer Piso 20, Segundo Piso 10, Archivo 12) por lo tanto se aumento de 17 a 42 unidades.
B16: CARPINTERIA METALICAS, VIDRIOS | J16: =SUM(J17:J18) -> 5732606
B17: 3 | F17: Baranda en tubería de aguas negras 1 1/2" para la entrada | G17: ml | H17: 15 | I17: =N°3!N89 -> 284002 | J17: =H17*I17 -> 4260030 | K17: ok
B18: 4 | F18: Instalación de vidrios para ventanas y puerta de auditorio con papel oscuro | G18: Gl | H18: 1 | I18: =N°4!N84 -> 1472576 | J18: =H18*I18 -> 1472576 | K18: ok
B19: MAMPOSTERIA Y PINTURAS | J19: =SUM(J20:J27) -> 51126698
B20: 5 | F20: Resane e impermeabilización de muros | G20: m2 | H20: ='RESUMEN CANTIDADES PPTO OFICIAL'!C21 -> 75 | I20: =N°5!N87 -> 15108 | J20: =H20*I20 -> 1133100 | K20: ok
B21: 6 | F21: Pintura vinilo para repinte de muros exteriores en fachadas sobre texturizado. (2 manos sobre pintura existente del mismo color) | G21: m2 | H21: ='RESUMEN CANTIDADES PPTO OFICIAL'!C27 -> 567 | I21: =N°6!N90 -> 18218 | J21: =H21*I21 -> 10329606 | K21: ok
B22: 7 | F22: Pintura vinilo para repinte de muros interiores con estuco (2 manos sobre pintura existente del mismo color) | G22: m2 | H22: ='RESUMEN CANTIDADES PPTO OFICIAL'!C35 -> 1754 | I22: =N°7!N90 -> 16138 | J22: =H22*I22 -> 28306052 | K22: Lo real seria 2747,84 m2, Pero se priorizo solo parte del primer piso (1001,44 m2) y segundo (661,12 m2) | L22: 1662.56
B23: 8 | F23: Pintura vinilo para repinte de muros exteriores en fachada con estuco. | G23: m2 | H23: ='RESUMEN CANTIDADES PPTO OFICIAL'!C49 -> 293 | I23: =N°8!N90 -> 14963 | J23: =H23*I23 -> 4384159 | K23: Lo real seria 1149,2 m2, Pero se priorizo solo 292,50 m2
B24: 9 | F24: Pintura esmalte para puertas en madera | G24: m2 | H24: ='RESUMEN CANTIDADES PPTO OFICIAL'!C55 -> 94 | I24: =N°9!N92 -> 19793 | J24: =H24*I24 -> 1860542 | K24: =(20*(0.85*2)*2) -> 68
B25: 10 | F25: Pintura esmalte para puertas en lámina | G25: m2 | H25: ='RESUMEN CANTIDADES PPTO OFICIAL'!C79 -> 44 | I25: =N°10!N84 -> 19793 | J25: =H25*I25 -> 870892 | K25: 68
B26: 11 | F26: Pintura esmalte para ventanas en lámina | G26: m2 | H26: ='RESUMEN CANTIDADES PPTO OFICIAL'!C92 -> 17.84 | I26: =N°11!N91 -> 19327 | J26: =H26*I26 -> 344793.68 | K26: 70
B27: 12 | F27: Construcción bodega almacenamiento insumos cafeteria y aseo general | G27: gl | H27: 1 | I27: =N°12!N84 -> 3897553 | J27: =H27*I27 -> 3897553 | K27: 40
B28: PISOS Y ENCHAPES | J28: =SUM(J29:J30) -> 2899590
B29: 13 | F29: Demolición piso existente en tableta de gress | G29: M2 | H29: ='RESUMEN CANTIDADES PPTO OFICIAL'!C102 -> 38 | I29: =N°13!N81 -> 12401 | J29: =H29*I29 -> 471238
B30: 14 | F30: Instalación piso en tableta de gress 25x25 | G30: M2 | H30: ='RESUMEN CANTIDADES PPTO OFICIAL'!C104 -> 38 | I30: =N°14!N81 -> 63904 | J30: =H30*I30 -> 2428352 | K30: Esta incluido el piso de la bodega nueva
B31: CUBIERTAS | J31: =SUM(J32:J33) -> 5821410
B32: 15 | F32: Impermeabilización de placas de cubierta de la oficina de recepcion, con pintura impermeabilizante transparente | G32: M2 | H32: ='RESUMEN CANTIDADES PPTO OFICIAL'!C106 -> 38 | I32: =N°15!N86 -> 75745 | J32: =H32*I32 -> 2878310 | K32: ok
B33: 16 | F33: Reparación de cubiertas construidas con lámina policarbonato | G33: M2 | H33: 76 | I33: =N°16!N82 -> 38725 | J33: =H33*I33 -> 2943100 | K33: ok
B34: ADECUACION PARA EL EL CUMPLIMIENTO DE LA NTC 6047-2013 | J34: =SUM(J35:J37) -> 15836496
B35: 17 | F35: Construcción de Unidad Sanitaria accesibles para personas con movilidad reducida | G35: global | H35: 1 | I35: =N°17!N90 -> 8336496 | J35: =+H35*I35 -> 8336496
B36: 18 | F36: Adecuacion de punto de atencion (ventanilla de radicacion) | G36: global | H36: 1 | I36: 5000000 | J36: =+H36*I36 -> 5000000
B37: 19 | F37: Instalacion de señalizacion inclusiva (Braille, conresalto, ilustrada, tactiles. Etc.), incluye demarcacion de parqueadero accesible | G37: global | H37: 1 | I37: 2500000 | J37: =+H37*I37 -> 2500000 | K37: Dejar nota en el anexo tecnico que teniendo en cuenta que este item puede variar de pagara contra factura.
B38: TOTAL OBRAS BASICO | J38: =SUM(J13+J16+J19+J28+J31+J34) -> 87562188
B39: IVA OBRA (19% sobre utilidad) | J39: =ROUND((J38/1.2*0.05*0.19),0) -> 693201
I40: COSTO BASICO + ADMINISTRACION IMPLEMENTACION PROTOCOLO DE BIOSEGURIDAD POR COVID-19 | J40: =O40+(O40*2.5/100) -> 1640000 | O40: 1600000
B41: IVA PROTOCOLO DE BIOSEGURIDAD (19% sobre la administracion de 2,5%) | J41: =ROUND(((O40*2.5%*0.19)),0) -> 7600
I42: TOTAL COSTOS BÁSICOS OBRAS | J42: =J38+J40 -> 89202188
B43: TOTAL IVA OBRAS | J43: =J39+J41 -> 700801
B44: VALOR TOTAL OBRA INCLUYENDO IVA | J44: =J42+J43 -> 89902989 | L44: 0.0057803468
B45: SERVICIO DE MANTENIMIENTO | J45: =SUM(J46:J49) -> 6690000
B46: 20 | F46: Mantenimiento de Tanques aéreos | G46: Und | H46: 3 | I46: 100000 | J46: =+H46*I46 -> 300000
B47: 21 | F47: Mantenimiento y recarga de extintores portátiles contra incendios existentes. | G47: Und | H47: 4 | I47: 25000 | J47: =+H47*I47 -> 100000
B48: 22 | F48: Mantenimiento de Aires Acondicionados, Planta electrica y UPS (sistema de energia ininterrumpida) | G48: Glb | H48: 1 | I48: 4790000 | J48: =+H48*I48 -> 4790000
B49: 23 | F49: Mantenimiento portón eléctrico entrada vehículos | G49: Glb | H49: 1 | I49: 1500000 | J49: =+H49*I49 -> 1500000
B50: TOTAL SERVICIO DE MANTENIMIENTO BASICO | J50: =SUM(J46:J49) -> 6690000
B51: IVA SUMINISTROS Y MANTENIMENTO (19% sobre básico) | J51: =ROUND((J50*0.19),0) -> 1271100
I52: TOTAL SERVICIO DE MANTENIMIENTO INCLUYE IVA | J52: =J50+J51 -> 7961100
B53: TOTAL PRESUPUESTO ADECUACIÓN Y MANTENIMIENTO DE LA SEDE INVIAS DIRECCIÓN TERRITORIAL OCAÑA | J53: =+J44+J52 -> 97864089
B54: NOTA 1: Se debe tener en cuenta que el PRECIO UNITARIO incluye el valor de A.I.U. | G54: DESCRIPCION | J54: PORCENTAJE | L54: 0.11560694
B55: NOTA 2: Cuando la fracción decimal del peso sea igual o superior a 5 se aproximara por exceso al número entero siguiente del peso y cuando la fracción decimal del peso sea inferior a 5 se aproximará por defecto al número entero del peso. | G55: ADMINISTRACION | I55: A= | J55: 0.1 | L55: 0.011560694
B56: NOTA 3: El A.I.U y su discriminación deben estar en porcentaje (%). | G56: IMPREVISTO | I56: I= | J56: 0.05
G57: UTILIDAD | I57: U= | J57: 0.05
G58: TOTAL A.I.U | I58: A.I.U.= | J58: =SUM(J55:J57) -> 0.2

Sheet PRESUPUESTA ECONOMICA
B1: INSTITUTO NACIONAL DE VIAS
B2: SUBDIRECCION ADMINISTRATIVA
B3: DIRECCION TERRITORIAL OCAÑA
B5: ADECUACIÓN Y MANTENIMIENTO DE LA SEDE INVIAS DIRECCIÓN TERRITORIAL OCAÑA (Dando cumplimiento a la NTC 6047-2013)
B7: PRESUPUESTO OFICIAL
B9: No | C9: ITEM DE PAGO | D9: ESPECIFICACIONES | F9: DESCRIPCION | G9: UNID | H9: CANTIDAD | I9: VALOR UNITARIO | J9: VALOR TOTAL
D10: GENERAL | E10: PARTICULAR
B12: OBRAS PARA LA ADECUACIÓN DE LA SEDE
B13: INSTALACIONES ELECTRICAS
B14: 1 | F14: Acometida eléctrica para conexión de la planta eléctrica de emergencia (incluye puesta en funcionamiento de la planta eléctrica) | G14: gl | H14: 1 | K14: ok
B15: 2 | F15: Suministro e Instalacion de Lamparas de sobreponer de 24 Vatios | G15: Und | H15: ='RESUMEN CANTIDADES PPTO OFICIAL'!C1 -> 42 | K15: Se tomaron en cuenta todas las oficinas (Primer Piso 20, Segundo Piso 10, Archivo 12) por lo tanto se aumento de 17 a 42 unidades.
B16: CARPINTERIA METALICAS, VIDRIOS
B17: 3 | F17: Baranda en tubería de aguas negras 1 1/2" para la entrada | G17: ml | H17: 15 | K17: ok
B18: 4 | F18: Instalación de vidrios para ventanas y puerta de auditorio con papel oscuro | G18: Gl | H18: 1 | K18: ok
B19: MAMPOSTERIA Y PINTURAS
B20: 5 | F20: Resane e impermeabilización de muros | G20: m2 | H20: ='RESUMEN CANTIDADES PPTO OFICIAL'!C21 -> 75 | K20: ok
B21: 6 | F21: Pintura vinilo para repinte de muros exteriores en fachadas sobre texturizado. (2 manos sobre pintura existente del mismo color) | G21: m2 | H21: ='RESUMEN CANTIDADES PPTO OFICIAL'!C27 -> 567 | K21: ok
B22: 7 | F22: Pintura vinilo para repinte de muros interiores con estuco (2 manos sobre pintura existente del mismo color) | G22: m2 | H22: ='RESUMEN CANTIDADES PPTO OFICIAL'!C35 -> 1754 | K22: Lo real seria 2747,84 m2, Pero se priorizo solo parte del primer piso (1001,44 m2) y segundo (661,12 m2) | L22: 1662.56
B23: 8 | F23: Pintura vinilo para repinte de muros exteriores en fachada con estuco. | G23: m2 | H23: ='RESUMEN CANTIDADES PPTO OFICIAL'!C49 -> 293 | K23: Lo real seria 1149,2 m2, Pero se priorizo solo 292,50 m2
B24: 9 | F24: Pintura esmalte para puertas en madera | G24: m2 | H24: ='RESUMEN CANTIDADES PPTO OFICIAL'!C55 -> 94 | K24: =(20*(0.85*2)*2) -> 68
B25: 10 | F25: Pintura esmalte para puertas en lámina | G25: m2 | H25: ='RESUMEN CANTIDADES PPTO OFICIAL'!C79 -> 44 | K25: 68
B26: 11 | F26: Pintura esmalte para ventanas en lámina | G26: m2 | H26: ='RESUMEN CANTIDADES PPTO OFICIAL'!C92 -> 17.84 | K26: 70
B27: 12 | F27: Construcción bodega almacenamiento insumos cafeteria y aseo general | G27: gl | H27: 1 | K27: 40
B28: PISOS Y ENCHAPES
B29: 13 | F29: Demolición piso existente en tableta de gress | G29: M2 | H29: ='RESUMEN CANTIDADES PPTO OFICIAL'!C102 -> 38
B30: 14 | F30: Instalación piso en tableta de gress 25x25 | G30: M2 | H30: ='RESUMEN CANTIDADES PPTO OFICIAL'!C104 -> 38 | K30: Esta incluido el piso de la bodega nueva
B31: CUBIERTAS
B32: 15 | F32: Impermeabilización de placas de cubierta de la oficina de recepcion, con pintura impermeabilizante transparente | G32: M2 | H32: ='RESUMEN CANTIDADES PPTO OFICIAL'!C106 -> 38 | K32: ok
B33: 16 | F33: Reparación de cubiertas construidas con lámina policarbonato | G33: M2 | H33: 76 | K33: ok
B34: ADECUACION PARA EL EL CUMPLIMIENTO DE LA NTC 6047-2013
B35: 17 | F35: Construcción de Unidad Sanitaria accesibles para personas con movilidad reducida | G35: global | H35: 1
B36: 18 | F36: Adecuacion de punto de atencion (ventanilla de radicacion) | G36: global | H36: 1
B37: 19 | F37: Instalacion de señalizacion inclusiva (Braille, conresalto, ilustrada, tactiles. Etc.), incluye demarcacion de parqueadero accesible | G37: global | H37: 1 | K37: Dejar nota en el anexo tecnico que teniendo en cuenta que este item puede variar de pagara contra factura.
B38: TOTAL OBRAS BASICO | J38: =SUM(J13+J16+J19+J28+J31+J34) -> 0
B39: IVA OBRA (19% sobre utilidad) | J39: =ROUND((J38/1.2*0.05*0.19),0) -> 0
I40: COSTO BASICO + ADMINISTRACION IMPLEMENTACION PROTOCOLO DE BIOSEGURIDAD POR COVID-19 | J40: =O40+(O40*2.5/100) -> 1640000 | K40: NO MODIFICAR | O40: 1600000
B41: IVA PROTOCOLO DE BIOSEGURIDAD (19% sobre la administracion de 2,5%) | J41: =ROUND(((O40*2.5%*0.19)),0) -> 7600
I42: TOTAL COSTOS BÁSICOS OBRAS | J42: =J38+J40 -> 1640000
B43: TOTAL IVA OBRAS | J43: =J39+J41 -> 7600
B44: VALOR TOTAL OBRA INCLUYENDO IVA | J44: =J42+J43 -> 1647600 | L44: 0.0057803468
B45: SERVICIO DE MANTENIMIENTO | J45: =SUM(J46:J49) -> 0
B46: 20 | F46: Mantenimiento de Tanques aéreos | G46: Und | H46: 3
B47: 21 | F47: Mantenimiento y recarga de extintores portátiles contra incendios existentes. | G47: Und | H47: 4
B48: 22 | F48: Mantenimiento de Aires Acondicionados, Planta electrica y UPS (sistema de energia ininterrumpida) | G48: Glb | H48: 1
B49: 23 | F49: Mantenimiento portón eléctrico entrada vehículos | G49: Glb | H49: 1
B50: TOTAL SERVICIO DE MANTENIMIENTO BASICO | J50: =SUM(J46:J49) -> 0
B51: IVA SUMINISTROS Y MANTENIMENTO (19% sobre básico) | J51: =ROUND((J50*0.19),0) -> 0
I52: TOTAL SERVICIO DE MANTENIMIENTO INCLUYE IVA | J52: =J50+J51 -> 0
B53: TOTAL PRESUPUESTO ADECUACIÓN Y MANTENIMIENTO DE LA SEDE INVIAS DIRECCIÓN TERRITORIAL OCAÑA | J53: =+J44+J52 -> 1647600
B54: NOTA 1: Se debe tener en cuenta que el PRECIO UNITARIO incluye el valor de A.I.U. | G54: DESCRIPCION | J54: PORCENTAJE | L54: 0.11560694
B55: NOTA 2: Cuando la fracción decimal del peso sea igual o superior a 5 se aproximara por exceso al número entero siguiente del peso y cuando la fracción decimal del peso sea inferior a 5 se aproximará por defecto al número entero del peso. | G55: ADMINISTRACION | I55: A= | J55: 0.1 | L55: 0.011560694
B56: NOTA 3: El A.I.U y su discriminación deben estar en porcentaje (%). | G56: IMPREVISTO | I56: I= | J56: 0.05
G57: UTILIDAD | I57: U= | J57: 0.05
G58: TOTAL A.I.U | I58: A.I.U.= | J58: =SUM(J55:J57) -> 0.2

Sheet N°1
C2: MINISTERIO DE TRANSPORTE | K2: CÓDIGO | L2: MSE--FR-14
C3: INSTITUTO NACIONAL DE VIAS
C4: DIRECCION OPERATIVA | K4: VERSIÓN | L4: 2
C5: PROCESO SUPERVISION, EJECUCION Y SEGUIMIENTO A PROYECTOS
C6: =+'[40]DATOS INICIALES '!B5 -> MANUAL DE INTERVENTORÍA OBRA PUBLICA | K6: PÁGINA | L6: 1 | M6: DE | N6: 1
C8: ANALISIS DE PRECIOS UNITARIOS
K10: FECHA | L10: DD | M10: MM | N10: AA
B12: UNIDAD EJECUTORA: | D12: DIRECCION TERRITORIAL OCAÑA | I12: DIRECCIÓN TERRITORIAL: | J12: OCAÑA
B18: CONTRATO No. | G18: DE
B19: OBJETO DEL CONTRATO | D19: ADECUACION Y MANTENIMIENTO DE LA SEDE INVIAS DIRECCION TERRITORIAL OCAÑA
B22: CONTRATISTA :
B24: INTERVENTOR
B26: GESTOR TECNICO DE CONTRATO
B28: FECHA CIERRE DE LICITACIÓN Y/O SELECCIÓN ABREVIADA
B30: DATOS ESPECÍFICOS
B32: ITEM | C32: DESCRIPCIÓN | K32: GRUPO DE AJUSTE | L32: UNIDAD | N32: CANTIDAD
B33: ='PRESUPUESTO OFICIAL'!B15 -> 2 | C33: ='PRESUPUESTO OFICIAL'!F15 -> Suministro e Instalacion de Lamparas de sobreponer de 24 Vatios | L33: ='PRESUPUESTO OFICIAL'!G15 -> Und | N33: ='PRESUPUESTO OFICIAL'!H15 -> 42
B34: I. EQUIPO
B37: DESCRIPCIÓN | I37: TIPO | K37: TARIFA/HORA | L37: RENDIMIENTO | N37: Vr. UNITARIO
B38: Andamios, escaleras y herramienta menor | K38: =N77 -> 344461 | L38: 1 | N38: =K38*L38 -> 344461
B42: SUBTOTAL | N42: =ROUND((SUM(N38:N41)),0) -> 344461
B43: II. MATERIALES
B46: DESCRIPCIÓN | J46: UNIDAD | K46: CANTIDAD | L46: PRECIO UNIT. | N46: Vr. UNITARIO
B47: Tubo EMT de 1 pulgada | J47: m | K47: 3 | L47: 15600 | N47: =+K47*L47 -> 46800
B48: Curva EMT de 1 pulgada | J48: u. | K48: 1 | L48: 17900 | N48: =+K48*L48 -> 17900
B49: Transferencia 3 x 125 Am | J49: u. | K49: 1 | L49: 420000 | N49: =+K49*L49 -> 420000
B50: Terminales estañados para cable #8 | J50: u. | K50: 6 | L50: 4100 | N50: =+K50*L50 -> 24600
B51: Cable encauchetado 3 x 8 | J51: mts | K51: 6 | L51: 24900 | N51: =+K51*L51 -> 149400
B52: Cable #8 | J52: mts | K52: 75 | L52: 6530 | N52: =+K52*L52 -> 489750
B53: Clavija de seguridad 2.0 | J53: u. | K53: 1 | L53: 74800 | N53: =+K53*L53 -> 74800
B54: Terminal | J54: u | K54: 1 | L54: 9800 | N54: =+K54*L54 -> 9800
B55: Clavija de 50 amperios | J55: u | K55: 1 | L55: 28750 | N55: =+K55*L55 -> 28750
B56: Toma corriente de 50 amperios | J56: u | K56: 1 | L56: 175000 | N56: =+K56*L56 -> 175000
B57: Puntos eléctricos de toma, interruptor y bombillo | J57: gl | K57: 1 | L57: 250000 | N57: =+K57*L57 -> 250000
B58: Mantenimiento de la planta eléctrica | J58: gl | K58: 1 | L58: 700000 | N58: =+K58*L58 -> 700000
B60: SUBTOTAL | N60: =ROUND((SUM(N47:N59)),0) -> 2386800
B61: III. TRANSPORTES
B64: MATERIAL | I64: VOL. o PESO | J64: DISTANCIA | K64: M3 o Ton/Km | L64: TARIFA | N64: Vr. UNITARIO
B67: SUBTOTAL | N67: =SUM(N65:N66) -> 0
B68: IV. MANO DE OBRA
B69: IV. MANO DE OBRA
B71: TRABAJADOR | H71: CANTIDAD | I71: JORNAL | J71: PRESTACIONES | K71: JORNAL TOTAL | L71: RENDIMIENTO | N71: Vr. UNITARIO
B72: Ayudantes | H72: 3 | I72: 37239 | J72: 1.85 | K72: =+H72*I72*J72 -> 206676.45 | L72: 1 | N72: =+K72/L72 -> 206676.45
B73: Oficial | H73: 1 | I73: =I72*2 -> 74478 | J73: 1.85 | K73: =+H73*I73*J73 -> 137784.3 | L73: 1 | N73: =+K73/L73 -> 137784.3
B77: SUBTOTAL | N77: =ROUND((SUM(N72:N76)),0) -> 344461
B79: TOTAL COSTO DIRECTO | N79: =N42+N60+N67+N77 -> 3075722
B80: V. COSTOS INDIRECTOS
B81: V. COSTOS INDIRECTOS
B83: Descripción | K83: Porcentaje | L83: Valor Total
B84: ADMINISTRACION | K84: 0.1 | L84: =+N79*K84 -> 307572.2 | N84: =N79*K84 -> 307572.2
B85: IMPREVISTOS | K85: 0.05 | L85: =+N79*K85 -> 153786.1 | N85: =N79*K85 -> 153786.1
B86: UTILIDAD | K86: 0.05 | L86: =+N79*K86 -> 153786.1 | N86: =N79*K86 -> 153786.1
B87: SUBTOTAL | N87: =ROUND((SUM(N84:N86)),0) -> 615144
B89: Precio Unitario Total Aproximado al peso | N89: =ROUND((N79+N87),0) -> 3690866
G92: =+'[40]SV-01'!$G$96 -> Firma
G93: =+'[40]SV-01'!$G$97 -> Nombre:
G94: =+'[40]SV-01'!$G$98 -> Representante Legal del Contratista o su Apoderado
G95: =+'[40]SV-01'!$G$99 -> Matricula No. :
B97: =+'[40]SV-01'!$B$101 -> OBSERVACIONES INTERVENTORÍA
G101: =+'[40]SV-01'!$G$105 -> Firma
G102: =+'[40]SV-01'!$G$106 -> Nombre:
G103: =+'[40]SV-01'!$G$107 -> Representante Legal del Interventor o su Apoderado
G104: =+'[40]SV-01'!$G$108 -> Matricula No. :
B105: =+'[40]SV-01'!$B$109 -> Original: Archivo de Gestión Contractual ( Subdirecciòn Administrativa)
B106: =+'[40]SV-01'!$B$110 -> Copias : Unidad Ejecutora, Contratista, Interventor y Dirección Territorial.

Sheet N°2
C2: MINISTERIO DE TRANSPORTE | K2: CÓDIGO | L2: MSE--FR-14
C3: INSTITUTO NACIONAL DE VIAS
C4: DIRECCION OPERATIVA | K4: VERSIÓN | L4: 2
C5: PROCESO SUPERVISION, EJECUCION Y SEGUIMIENTO A PROYECTOS
C6: =+'[40]DATOS INICIALES '!B5 -> MANUAL DE INTERVENTORÍA OBRA PUBLICA | K6: PÁGINA | L6: 1 | M6: DE | N6: 1
C8: ANALISIS DE PRECIOS UNITARIOS
K10: FECHA | L10: DD | M10: MM | N10: AA
B12: UNIDAD EJECUTORA: | D12: DIRECCION TERRITORIAL OCAÑA | I12: DIRECCIÓN TERRITORIAL: | J12: OCAÑA
B18: CONTRATO No. | G18: DE
B19: OBJETO DEL CONTRATO | D19: ADECUACION Y MANTENIMIENTO DE LA SEDE INVIAS DIRECCION TERRITORIAL OCAÑA
B22: CONTRATISTA :
B24: INTERVENTOR
B26: GESTOR TECNICO DE CONTRATO
B28: FECHA CIERRE DE LICITACIÓN Y/O SELECCIÓN ABREVIADA
B30: DATOS ESPECÍFICOS
B32: ITEM | C32: DESCRIPCIÓN | K32: GRUPO DE AJUSTE | L32: UNIDAD | N32: CANTIDAD
B33: ='PRESUPUESTO OFICIAL'!B15 -> 2 | C33: ='PRESUPUESTO OFICIAL'!F15 -> Suministro e Instalacion de Lamparas de sobreponer de 24 Vatios | L33: ='PRESUPUESTO OFICIAL'!G15 -> Und | N33: ='PRESUPUESTO OFICIAL'!H15 -> 42
B34: I. EQUIPO
B37: DESCRIPCIÓN | I37: TIPO | K37: TARIFA/HORA | L37: RENDIMIENTO | N37: Vr. UNITARIO
B38: Herramienta menor | K38: =N70 -> 20668 | L38: 0.05 | N38: =K38*L38 -> 1033.4
B42: SUBTOTAL | N42: =ROUND((SUM(N38:N41)),0) -> 1033
B43: II. MATERIALES
B46: DESCRIPCIÓN | J46: UNIDAD | K46: CANTIDAD | L46: PRECIO UNIT. | N46: Vr. UNITARIO
B47: Lampara de Sobreponer de 24W | J47: UNIDAD | K47: 1 | L47: 27000 | N47: =+K47*L47 -> 27000
B53: SUBTOTAL | N53: =ROUND((SUM(N47:N52)),0) -> 27000
B54: III. TRANSPORTES
B57: MATERIAL | I57: VOL. o PESO | J57: DISTANCIA | K57: M3 o Ton/Km | L57: TARIFA | N57: Vr. UNITARIO
B60: SUBTOTAL | N60: =SUM(N58:N59) -> 0
B61: IV. MANO DE OBRA
B62: IV. MANO DE OBRA
B64: TRABAJADOR | H64: CANTIDAD | I64: JORNAL | J64: PRESTACIONES | K64: JORNAL TOTAL | L64: RENDIMIENTO | N64: Vr. UNITARIO
B65: Ayudantes | H65: 1 | I65: 37239 | J65: 1.85 | K65: =+H65*I65*J65 -> 68892.15 | L65: 0.1 | N65: =+K65*L65 -> 6889.215
B66: Oficial | H66: 1 | I66: =I65*2 -> 74478 | J66: 1.85 | K66: =+H66*I66*J66 -> 137784.3 | L66: 0.1 | N66: =+K66*L66 -> 13778.43
B70: SUBTOTAL | N70: =ROUND((SUM(N65:N69)),0) -> 20668
B72: TOTAL COSTO DIRECTO | N72: =N42+N53+N60+N70 -> 48701
B73: V. COSTOS INDIRECTOS
B74: V. COSTOS INDIRECTOS
B76: Descripción | K76: Porcentaje | L76: Valor Total
B77: ADMINISTRACION | K77: 0.1 | L77: =+N72*K77 -> 4870.1 | N77: =N72*K77 -> 4870.1
B78: IMPREVISTOS | K78: 0.05 | L78: =+N72*K78 -> 2435.05 | N78: =N72*K78 -> 2435.05
B79: UTILIDAD | K79: 0.05 | L79: =+N72*K79 -> 2435.05 | N79: =N72*K79 -> 2435.05
B80: SUBTOTAL | N80: =ROUND((SUM(N77:N79)),0) -> 9740
B82: Precio Unitario Total Aproximado al peso | N82: =ROUND((N72+N80),0) -> 58441
G85: =+'[40]SV-01'!$G$96 -> Firma
G86: =+'[40]SV-01'!$G$97 -> Nombre:
G87: =+'[40]SV-01'!$G$98 -> Representante Legal del Contratista o su Apoderado
G88: =+'[40]SV-01'!$G$99 -> Matricula No. :
B90: =+'[40]SV-01'!$B$101 -> OBSERVACIONES INTERVENTORÍA
G94: =+'[40]SV-01'!$G$105 -> Firma
G95: =+'[40]SV-01'!$G$106 -> Nombre:
G96: =+'[40]SV-01'!$G$107 -> Representante Legal del Interventor o su Apoderado
G97: =+'[40]SV-01'!$G$108 -> Matricula No. :
B98: =+'[40]SV-01'!$B$109 -> Original: Archivo de Gestión Contractual ( Subdirecciòn Administrativa)
B99: =+'[40]SV-01'!$B$110 -> Copias : Unidad Ejecutora, Contratista, Interventor y Dirección Territorial.

Sheet N°3
C2: MINISTERIO DE TRANSPORTE | K2: CÓDIGO | L2: MSE--FR-14
C3: INSTITUTO NACIONAL DE VIAS
C4: DIRECCION OPERATIVA | K4: VERSIÓN | L4: 2
C5: PROCESO SUPERVISION, EJECUCION Y SEGUIMIENTO A PROYECTOS
C6: =+'[40]DATOS INICIALES '!B5 -> MANUAL DE INTERVENTORÍA OBRA PUBLICA | K6: PÁGINA | L6: 1 | M6: DE | N6: 1
C8: ANALISIS DE PRECIOS UNITARIOS
K10: FECHA | L10: DD | M10: MM | N10: AA
B12: UNIDAD EJECUTORA: | D12: DIRECCION TERRITORIAL OCAÑA | I12: DIRECCIÓN TERRITORIAL: | J12: OCAÑA
B18: CONTRATO No. | G18: DE
B19: OBJETO DEL CONTRATO | D19: ADECUACION Y MANTENIMIENTO DE LA SEDE INVIAS DIRECCION TERRITORIAL OCAÑA
B22: CONTRATISTA :
B24: INTERVENTOR
B26: GESTOR TECNICO DE CONTRATO
B28: FECHA CIERRE DE LICITACIÓN Y/O SELECCIÓN ABREVIADA
B30: DATOS ESPECÍFICOS
B32: ITEM | C32: DESCRIPCIÓN | K32: GRUPO DE AJUSTE | L32: UNIDAD | N32: CANTIDAD
B33: ='PRESUPUESTO OFICIAL'!B17 -> 3 | C33: ='PRESUPUESTO OFICIAL'!F17 -> Baranda en tubería de aguas negras 1 1/2" para la entrada | L33: ='PRESUPUESTO OFICIAL'!G17 -> ml | N33: ='PRESUPUESTO OFICIAL'!H17 -> 15
B34: I. EQUIPO
B37: DESCRIPCIÓN | I37: TIPO | K37: TARIFA/HORA | L37: RENDIMIENTO | N37: Vr. UNITARIO
B38: HERRAMIENTA MENOR (%) | K38: =N77 -> 80786 | L38: 0.2500025 | N38: =K38*L38 -> 20196.702
B39: Equipo de oxigeno y soldadura | K39: 14823 | L39: 0.38 | N39: =K39*L39 -> 5632.74
B40: Equipo de pintura (Compresor), Presión máxima de trabajo 3300 psi. | K40: 11300 | L40: 0.38 | N40: =K40*L40 -> 4294
B41: Pulidora (8500 REV) | K41: 3006 | L41: 0.38 | N41: =K41*L41 -> 1142.28
B43: SUBTOTAL | N43: =ROUND((SUM(N38:N42)),0) -> 31266
B44: II. MATERIALES
B47: DESCRIPCIÓN | J47: UNIDAD | K47: CANTIDAD | L47: PRECIO UNIT. | N47: Vr. UNITARIO
B48: Tubo Aguas negras de 1-1/2" | J48: m | K48: =2.92*1.1 -> 3.212 | L48: 24750 | N48: =L48*K48 -> 79497
B49: Soldadura 3% del peso | J49: Kg | K49: 0.77 | L49: 11900 | N49: =L49*K49 -> 9163
B50: Pintura Anticorrosiva | J50: Galón | K50: 0.071428571 | L50: 43900 | N50: =L50*K50 -> 3135.7143
B51: Pintura Esmalte industrial balco de un galón | J51: Galón | K51: 0.11111111 | L51: 30000 | N51: =L51*K51 -> 3333.3333
B52: Tiner acrílico x galón | J52: Galón | K52: 0.11111111 | L52: 21000 | N52: =L52*K52 -> 2333.3333
B53: Masilla gris para metal 1/16 de galón | J53: Galón | K53: 0.016666667 | L53: 96000 | N53: =L53*K53 -> 1600
B54: Disco de corte de TUSTENO | J54: Unidad | K54: 0.11111111 | L54: 4500 | N54: =L54*K54 -> 500
B55: Disco de lija | J55: Unidad | K55: 0.11111111 | L55: 4500 | N55: =L55*K55 -> 500
B56: Varilla lisa de 1/2" | J56: Kg | K56: 0.66666667 | L56: 5950 | N56: =L56*K56 -> 3966.6667
B57: Arandela metálica | J57: unidad | K57: =+(1.33333333333333) -> 1.3333333 | L57: 440 | N57: =L57*K57 -> 586.66667
B58: Platina metálica de 5 cm * 8 cm con anclaje en varilla 3/8" | J58: unidad | K58: 1.3333333 | L58: 15000 | N58: =L58*K58 -> 20000
B60: SUBTOTAL | N60: =ROUND((SUM(N48:N59)),0) -> 124616
B61: III. TRANSPORTES
B64: MATERIAL | I64: VOL. o PESO | J64: DISTANCIA | K64: M3 o Ton/Km | L64: TARIFA | N64: Vr. UNITARIO
B67: SUBTOTAL | N67: =SUM(N65:N66) -> 0
B68: IV. MANO DE OBRA
B69: IV. MANO DE OBRA
B71: TRABAJADOR | H71: CANTIDAD | I71: JORNAL | J71: PRESTACIONES | K71: JORNAL TOTAL | L71: RENDIMIENTO | N71: Vr. UNITARIO
B72: OFICIAL | H72: 1 | I72: =37329*2 -> 74658 | J72: 1.85 | K72: =H72*I72*J72 -> 138117.3 | L72: 0.33 | N72: =K72*L72 -> 45578.709
B73: AYUDANTE SOLDADOR | H73: 1 | I73: 57670 | J73: 1.85 | K73: =I73*J73*H73 -> 106689.5 | L73: 0.33 | N73: =K73*L73 -> 35207.535
B77: SUBTOTAL | N77: =ROUND((SUM(N72:N76)),0) -> 80786
B79: TOTAL COSTO DIRECTO | N79: =+N77+N67+N60+N43 -> 236668
B80: V. COSTOS INDIRECTOS
B81: V. COSTOS INDIRECTOS
B83: Descripción | K83: Porcentaje | L83: Valor Total
B84: ADMINISTRACION | K84: 0.1 | L84: =+N79*K84 -> 23666.8 | N84: 23666.8
B85: IMPREVISTOS | K85: 0.05 | L85: =+N79*K85 -> 11833.4 | N85: 7100.04
B86: UTILIDAD | K86: 0.05 | L86: =+N79*K86 -> 11833.4 | N86: 11833.4
B87: SUBTOTAL | N87: =ROUND((SUM(L84:M86)),0) -> 47334
B89: Precio Unitario Total Aproximado al peso | N89: =ROUND((N79+N87),0) -> 284002
G92: =+'[40]SV-01'!$G$96 -> Firma
G93: =+'[40]SV-01'!$G$97 -> Nombre:
G94: =+'[40]SV-01'!$G$98 -> Representante Legal del Contratista o su Apoderado
G95: =+'[40]SV-01'!$G$99 -> Matricula No. :
B97: =+'[40]SV-01'!$B$101 -> OBSERVACIONES INTERVENTORÍA
G101: =+'[40]SV-01'!$G$105 -> Firma
G102: =+'[40]SV-01'!$G$106 -> Nombre:
G103: =+'[40]SV-01'!$G$107 -> Representante Legal del Interventor o su Apoderado
G104: =+'[40]SV-01'!$G$108 -> Matricula No. :
B105: =+'[40]SV-01'!$B$109 -> Original: Archivo de Gestión Contractual ( Subdirecciòn Administrativa)
B106: =+'[40]SV-01'!$B$110 -> Copias : Unidad Ejecutora, Contratista, Interventor y Dirección Territorial.

Sheet N°4
C2: MINISTERIO DE TRANSPORTE | K2: CÓDIGO | L2: MSE--FR-14
C3: INSTITUTO NACIONAL DE VIAS
C4: DIRECCION OPERATIVA | K4: VERSIÓN | L4: 2
C5: PROCESO SUPERVISION, EJECUCION Y SEGUIMIENTO A PROYECTOS
C6: =+'[40]DATOS INICIALES '!B5 -> MANUAL DE INTERVENTORÍA OBRA PUBLICA | K6: PÁGINA | L6: 1 | M6: DE | N6: 1
C8: ANALISIS DE PRECIOS UNITARIOS
K10: FECHA | L10: DD | M10: MM | N10: AA
B12: UNIDAD EJECUTORA: | D12: DIRECCION TERRITORIAL OCAÑA | I12: DIRECCIÓN TERRITORIAL: | J12: OCAÑA
B18: CONTRATO No. | G18: DE
B19: OBJETO DEL CONTRATO | D19: ADECUACION Y MANTENIMIENTO DE LA SEDE INVIAS DIRECCION TERRITORIAL OCAÑA
B22: CONTRATISTA :
B24: INTERVENTOR
B26: GESTOR TECNICO DE CONTRATO
B28: FECHA CIERRE DE LICITACIÓN Y/O SELECCIÓN ABREVIADA
B30: DATOS ESPECÍFICOS
B32: ITEM | C32: DESCRIPCIÓN | K32: GRUPO DE AJUSTE | L32: UNIDAD | N32: CANTIDAD
B33: ='PRESUPUESTO OFICIAL'!B18 -> 4 | C33: ='PRESUPUESTO OFICIAL'!F18 -> Instalación de vidrios para ventanas y puerta de auditorio con papel oscuro | L33: ='PRESUPUESTO OFICIAL'!G18 -> Gl | N33: ='PRESUPUESTO OFICIAL'!H18 -> 1
B34: I. EQUIPO
B37: DESCRIPCIÓN | I37: TIPO | K37: TARIFA/HORA | L37: RENDIMIENTO | N37: Vr. UNITARIO
B38: HERRAMIENTA MENOR Y ANDAMIOS | K38: =N72 -> 275569 | L38: 0.05 | N38: =K38*L38 -> 13778.45
B43: SUBTOTAL | N43: =ROUND((SUM(N38:N42)),0) -> 13778
B44: II. MATERIALES
B47: DESCRIPCIÓN | J47: UNIDAD | K47: CANTIDAD | L47: PRECIO UNIT. | N47: Vr. UNITARIO
B48: Vidrios para ventanas de 0,49 x 0,49 de 4 lineas | J48: Und | K48: 12 | L48: 15000 | N48: =L48*K48 -> 180000
B49: Vidrios para portón auditorio de 1,28*1,28 de 5 lineas | J49: Und | K49: 2 | L49: 110000 | N49: =L49*K49 -> 220000
B50: Vidrios para portón auditorio 0,75*1,28 de 5 lineas | J50: Und | K50: 2 | L50: 70000 | N50: =L50*K50 -> 140000
B51: Papel oscuro para polarizar vidrios del auditorio | J51: M2 | K51: 23.4 | L51: 17000 | N51: =K51*L51 -> 397800
B55: SUBTOTAL | N55: =SUM(N48:N54) -> 937800
B56: III. TRANSPORTES
B59: MATERIAL | I59: VOL. o PESO | J59: DISTANCIA | K59: M3 o Ton/Km | L59: TARIFA | N59: Vr. UNITARIO
B62: SUBTOTAL | N62: =SUM(N60:N61) -> 0
B63: IV. MANO DE OBRA
B64: IV. MANO DE OBRA
B66: TRABAJADOR | H66: CANTIDAD | I66: JORNAL | J66: PRESTACIONES | K66: JORNAL TOTAL | L66: RENDIMIENTO | N66: Vr. UNITARIO
B67: OFICIAL | H67: 1 | I67: =I68*2 -> 74478 | J67: 1.85 | K67: =H67*I67*J67 -> 137784.3 | L67: 1 | N67: =K67*L67 -> 137784.3
B68: AYUDANTE | H68: 2 | I68: 37239 | J68: 1.85 | K68: =I68*J68*H68 -> 137784.3 | L68: 1 | N68: =K68*L68 -> 137784.3
B72: SUBTOTAL | N72: =ROUND((SUM(N67:N71)),0) -> 275569
B74: TOTAL COSTO DIRECTO | N74: =+N72+N62+N55+N43 -> 1227147
B75: V. COSTOS INDIRECTOS
B76: V. COSTOS INDIRECTOS
B78: Descripción | K78: Porcentaje | L78: Valor Total
B79: ADMINISTRACION | K79: 0.1 | L79: =+N74*K79 -> 122714.7 | N79: 115481
B80: IMPREVISTOS | K80: 0.05 | L80: =+N74*K80 -> 61357.35 | N80: 34644.3
B81: UTILIDAD | K81: 0.05 | L81: =+N74*K81 -> 61357.35 | N81: 57740.5
B82: SUBTOTAL | N82: =ROUND((SUM(L79:M81)),0) -> 245429
B84: Precio Unitario Total Aproximado al peso | N84: =ROUND((N74+N82),0) -> 1472576
G87: =+'[40]SV-01'!$G$96 -> Firma
G88: =+'[40]SV-01'!$G$97 -> Nombre:
G89: =+'[40]SV-01'!$G$98 -> Representante Legal del Contratista o su Apoderado
G90: =+'[40]SV-01'!$G$99 -> Matricula No. :
B92: =+'[40]SV-01'!$B$101 -> OBSERVACIONES INTERVENTORÍA
G96: =+'[40]SV-01'!$G$105 -> Firma
G97: =+'[40]SV-01'!$G$106 -> Nombre:
G98: =+'[40]SV-01'!$G$107 -> Representante Legal del Interventor o su Apoderado
G99: =+'[40]SV-01'!$G$108 -> Matricula No. :
B100: =+'[40]SV-01'!$B$109 -> Original: Archivo de Gestión Contractual ( Subdirecciòn Administrativa)
B101: =+'[40]SV-01'!$B$110 -> Copias : Unidad Ejecutora, Contratista, Interventor y Dirección Territorial.

Sheet N°5
C2: MINISTERIO DE TRANSPORTE | K2: CÓDIGO | L2: MSE--FR-14
C3: INSTITUTO NACIONAL DE VIAS
C4: DIRECCION OPERATIVA | K4: VERSIÓN | L4: 2
C5: PROCESO SUPERVISION, EJECUCION Y SEGUIMIENTO A PROYECTOS
C6: =+'[40]DATOS INICIALES '!B5 -> MANUAL DE INTERVENTORÍA OBRA PUBLICA | K6: PÁGINA | L6: 1 | M6: DE | N6: 1
C8: ANALISIS DE PRECIOS UNITARIOS
K10: FECHA | L10: DD | M10: MM | N10: AA
B12: UNIDAD EJECUTORA: | D12: DIRECCION TERRITORIAL OCAÑA | I12: DIRECCIÓN TERRITORIAL: | J12: OCAÑA
B18: CONTRATO No. | G18: DE
B19: OBJETO DEL CONTRATO | D19: ADECUACION Y MANTENIMIENTO DE LA SEDE INVIAS DIRECCION TERRITORIAL OCAÑA
B22: CONTRATISTA :
B24: INTERVENTOR
B26: GESTOR TECNICO DE CONTRATO
B28: FECHA CIERRE DE LICITACIÓN Y/O SELECCIÓN ABREVIADA
B30: DATOS ESPECÍFICOS
B32: ITEM | C32: DESCRIPCIÓN | K32: GRUPO DE AJUSTE | L32: UNIDAD | N32: CANTIDAD
B33: ='PRESUPUESTO OFICIAL'!B20 -> 5 | C33: ='PRESUPUESTO OFICIAL'!F20 -> Resane e impermeabilización de muros | L33: ='PRESUPUESTO OFICIAL'!G20 -> m2 | N33: ='PRESUPUESTO OFICIAL'!H20 -> 75
B34: I. EQUIPO
B37: DESCRIPCIÓN | I37: TIPO | K37: TARIFA/HORA | L37: RENDIMIENTO | N37: Vr. UNITARIO
B38: HERRAMIENTA MENOR | K38: 11000 | L38: 15 | N38: =K38/L38 -> 733.33333
B47: SUBTOTAL | N47: =ROUND((SUM(N38:N46)),0) -> 733
B48: II. MATERIALES
B51: DESCRIPCIÓN | J51: UNIDAD | K51: CANTIDAD | L51: PRECIO UNIT. | N51: Vr. UNITARIO
B52: Impermeabilizante para mortero | J52: Kg | K52: 0.16 | L52: 10380 | N52: =L52*K52 -> 1660.8
B53: Mortero 1:3 | J53: M3 | K53: 0.017 | L53: 352600 | N53: =K53*L53 -> 5994.2
B56: SUBTOTAL | N56: =ROUND((SUM(N52:N55)),0) -> 7655
B57: III. TRANSPORTES
B60: MATERIAL | I60: VOL. o PESO | J60: DISTANCIA | K60: M3 o Ton/Km | L60: TARIFA | N60: Vr. UNITARIO
B63: SUBTOTAL | N63: =SUM(N61:N62) -> 0
B64: IV. MANO DE OBRA
B65: IV. MANO DE OBRA
B67: TRABAJADOR | H67: CANTIDAD | I67: JORNAL | J67: PRESTACIONES | K67: JORNAL TOTAL | L67: RENDIMIENTO | N67: Vr. UNITARIO
B68: Ayudante | H68: 1 | I68: 30285 | J68: 1.85 | K68: =+H68*I68*J68 -> 56027.25 | L68: 40 | N68: =+K68/L68 -> 1400.6813
B69: Oficial | H69: 1 | I69: 60570 | J69: 1.85 | K69: =+H69*I69*J69 -> 112054.5 | L69: 40 | N69: =+K69/L69 -> 2801.3625
B75: SUBTOTAL | N75: =ROUND((SUM(N68:N74)),0) -> 4202
B77: TOTAL COSTO DIRECTO | N77: =+N75+N63+N56+N47 -> 12590
B78: V. COSTOS INDIRECTOS
B79: V. COSTOS INDIRECTOS
B81: Descripción | K81: Porcentaje | L81: Valor Total
B82: ADMINISTRACION | K82: 0.1 | L82: =+N77*K82 -> 1259 | N82: 1259
B83: IMPREVISTOS | K83: 0.05 | L83: =+N77*K83 -> 629.5 | N83: 377.7
B84: UTILIDAD | K84: 0.05 | L84: =+N77*K84 -> 629.5 | N84: 629.5
B85: SUBTOTAL | N85: =ROUND((SUM(L82:M84)),0) -> 2518
B87: Precio Unitario Total Aproximado al peso | N87: =ROUND((N77+N85),0) -> 15108
G90: =+'[40]SV-01'!$G$96 -> Firma
G91: =+'[40]SV-01'!$G$97 -> Nombre:
G92: =+'[40]SV-01'!$G$98 -> Representante Legal del Contratista o su Apoderado
G93: =+'[40]SV-01'!$G$99 -> Matricula No. :
B95: =+'[40]SV-01'!$B$101 -> OBSERVACIONES INTERVENTORÍA
G99: =+'[40]SV-01'!$G$105 -> Firma
G100: =+'[40]SV-01'!$G$106 -> Nombre:
G101: =+'[40]SV-01'!$G$107 -> Representante Legal del Interventor o su Apoderado
G102: =+'[40]SV-01'!$G$108 -> Matricula No. :
B103: =+'[40]SV-01'!$B$109 -> Original: Archivo de Gestión Contractual ( Subdirecciòn Administrativa)
B104: =+'[40]SV-01'!$B$110 -> Copias : Unidad Ejecutora, Contratista, Interventor y Dirección Territorial.

Sheet N°6
C2: MINISTERIO DE TRANSPORTE | K2: CÓDIGO | L2: MSE--FR-14
C3: INSTITUTO NACIONAL DE VIAS
C4: DIRECCION OPERATIVA | K4: VERSIÓN | L4: 2
C5: PROCESO SUPERVISION, EJECUCION Y SEGUIMIENTO A PROYECTOS
C6: =+'[40]DATOS INICIALES '!B5 -> MANUAL DE INTERVENTORÍA OBRA PUBLICA | K6: PÁGINA | L6: 1 | M6: DE | N6: 1
C8: ANALISIS DE PRECIOS UNITARIOS
K10: FECHA | L10: DD | M10: MM | N10: AA
B12: UNIDAD EJECUTORA: | D12: DIRECCION TERRITORIAL OCAÑA | I12: DIRECCIÓN TERRITORIAL: | J12: OCAÑA
B18: CONTRATO No. | G18: DE
B19: OBJETO DEL CONTRATO | D19: ADECUACION Y MANTENIMIENTO DE LA SEDE INVIAS DIRECCION TERRITORIAL OCAÑA
B22: CONTRATISTA :
B24: INTERVENTOR
B26: GESTOR TECNICO DE CONTRATO
B28: FECHA CIERRE DE LICITACIÓN Y/O SELECCIÓN ABREVIADA
B30: DATOS ESPECÍFICOS
B32: ITEM | C32: DESCRIPCIÓN | K32: GRUPO DE AJUSTE | L32: UNIDAD | N32: CANTIDAD
B33: ='PRESUPUESTO OFICIAL'!B21 -> 6 | C33: ='PRESUPUESTO OFICIAL'!F21 -> Pintura vinilo para repinte de muros exteriores en fachadas sobre texturizado. (2 manos sobre pintura existente del mismo color) | L33: ='PRESUPUESTO OFICIAL'!G21 -> m2 | N33: ='PRESUPUESTO OFICIAL'!H21 -> 567
B34: I. EQUIPO
B37: DESCRIPCIÓN | I37: TIPO | K37: TARIFA/HORA | L37: RENDIMIENTO | N37: Vr. UNITARIO
B38: Equipo, andamios y herramienta menor | I38: glb | K38: =N78 -> 8267 | L38: 25 | N38: =K38/L38 -> 330.68
B47: SUBTOTAL | N47: =ROUND((SUM(N38:N46)),0) -> 331
B48: II. MATERIALES
B51: DESCRIPCIÓN | J51: UNIDAD | K51: CANTIDAD | L51: PRECIO UNIT. | N51: Vr. UNITARIO
B52: Pintura vinilo tipo VINILTEX O SIMILAR para exteriores | J52: gal | K52: 0.08 | L52: 82300 | N52: =L52*K52 -> 6584
B60: SUBTOTAL | N60: =ROUND((SUM(N52:N59)),0) -> 6584
B61: III. TRANSPORTES
B64: MATERIAL | I64: VOL. o PESO | J64: DISTANCIA | K64: M3 o Ton/Km | L64: TARIFA | N64: Vr. UNITARIO
B67: SUBTOTAL | N67: =SUM(N65:N66) -> 0
B68: IV. MANO DE OBRA
B69: IV. MANO DE OBRA
B71: TRABAJADOR | H71: CANTIDAD | I71: JORNAL | J71: PRESTACIONES | K71: JORNAL TOTAL | L71: RENDIMIENTO | N71: Vr. UNITARIO
B72: Ayudante | H72: 1 | I72: 37239 | J72: 1.85 | K72: =+H72*I72*J72 -> 68892.15 | L72: 25 | N72: =+K72/L72 -> 2755.686
B73: Oficial | H73: 1 | I73: =I72*2 -> 74478 | J73: 1.85 | K73: =+H73*I73*J73 -> 137784.3 | L73: 25 | N73: =+K73/L73 -> 5511.372
B78: SUBTOTAL | N78: =ROUND((SUM(N72:N77)),0) -> 8267
B80: TOTAL COSTO DIRECTO | N80: =+N78+N67+N60+N47 -> 15182
B81: V. COSTOS INDIRECTOS
B82: V. COSTOS INDIRECTOS
B84: Descripción | K84: Porcentaje | L84: Valor Total
B85: ADMINISTRACION | K85: 0.1 | L85: =+N80*K85 -> 1518.2 | N85: =N80*K85 -> 1518.2
B86: IMPREVISTOS | K86: 0.05 | L86: =+N80*K86 -> 759.1 | N86: =N80*K86 -> 759.1
B87: UTILIDAD | K87: 0.05 | L87: =+N80*K87 -> 759.1 | N87: =N80*K87 -> 759.1
B88: SUBTOTAL | N88: =ROUND((L85+L86+L87),0) -> 3036
B90: Precio Unitario Total Aproximado al peso | N90: =ROUND(N80+N88,0) -> 18218
G92: =+'[40]SV-01'!$G$96 -> Firma
G93: =+'[40]SV-01'!$G$97 -> Nombre:
G94: =+'[40]SV-01'!$G$98 -> Representante Legal del Contratista o su Apoderado
G95: =+'[40]SV-01'!$G$99 -> Matricula No. :
B97: =+'[40]SV-01'!$B$101 -> OBSERVACIONES INTERVENTORÍA
G101: =+'[40]SV-01'!$G$105 -> Firma
G102: =+'[40]SV-01'!$G$106 -> Nombre:
G103: =+'[40]SV-01'!$G$107 -> Representante Legal del Interventor o su Apoderado
G104: =+'[40]SV-01'!$G$108 -> Matricula No. :
B105: =+'[40]SV-01'!$B$109 -> Original: Archivo de Gestión Contractual ( Subdirecciòn Administrativa)
B106: =+'[40]SV-01'!$B$110 -> Copias : Unidad Ejecutora, Contratista, Interventor y Dirección Territorial.

Sheet N°7
C2: MINISTERIO DE TRANSPORTE | K2: CÓDIGO | L2: MSE--FR-14
C3: INSTITUTO NACIONAL DE VIAS
C4: DIRECCION OPERATIVA | K4: VERSIÓN | L4: 2
C5: PROCESO SUPERVISION, EJECUCION Y SEGUIMIENTO A PROYECTOS
C6: =+'[40]DATOS INICIALES '!B5 -> MANUAL DE INTERVENTORÍA OBRA PUBLICA | K6: PÁGINA | L6: 1 | M6: DE | N6: 1
C8: ANALISIS DE PRECIOS UNITARIOS
K10: FECHA | L10: DD | M10: MM | N10: AA
B12: UNIDAD EJECUTORA: | D12: DIRECCION TERRITORIAL OCAÑA | I12: DIRECCIÓN TERRITORIAL: | J12: OCAÑA
B18: CONTRATO No. | G18: DE
B19: OBJETO DEL CONTRATO | D19: ADECUACION Y MANTENIMIENTO DE LA SEDE INVIAS DIRECCION TERRITORIAL OCAÑA
B22: CONTRATISTA :
B24: INTERVENTOR
B26: GESTOR TECNICO DE CONTRATO
B28: FECHA CIERRE DE LICITACIÓN Y/O SELECCIÓN ABREVIADA
B30: DATOS ESPECÍFICOS
B32: ITEM | C32: DESCRIPCIÓN | K32: GRUPO DE AJUSTE | L32: UNIDAD | N32: CANTIDAD
B33: ='PRESUPUESTO OFICIAL'!B22 -> 7 | C33: ='PRESUPUESTO OFICIAL'!F22 -> Pintura vinilo para repinte de muros interiores con estuco (2 manos sobre pintura existente del mismo color) | L33: ='PRESUPUESTO OFICIAL'!G22 -> m2 | N33: ='PRESUPUESTO OFICIAL'!H22 -> 1754
B34: I. EQUIPO
B37: DESCRIPCIÓN | I37: TIPO | K37: TARIFA/HORA | L37: RENDIMIENTO | N37: Vr. UNITARIO
B38: Herramienta menor | I38: Glb | K38: =N78 -> 7873 | L38: 35 | N38: =K38/L38 -> 224.94286
B47: SUBTOTAL | N47: =ROUND((SUM(N38:N46)),0) -> 225
B48: II. MATERIALES
B51: DESCRIPCIÓN | J51: UNIDAD | K51: CANTIDAD | L51: PRECIO UNIT. | N51: Vr. UNITARIO
B52: Pintura vinilo tipo VINILTEX O SIMILAR | J52: Gal | K52: 0.065 | L52: 82300 | N52: =+K52*L52 -> 5349.5
B58: SUBTOTAL | N58: =ROUND((SUM(N52:N57)),0) -> 5350
B59: III. TRANSPORTES
B62: MATERIAL | I62: VOL. o PESO | J62: DISTANCIA | K62: M3 o Ton/Km | L62: TARIFA | N62: Vr. UNITARIO
B65: SUBTOTAL | N65: =SUM(N63:N64) -> 0
B66: IV. MANO DE OBRA
B67: IV. MANO DE OBRA
B69: TRABAJADOR | H69: CANTIDAD | I69: JORNAL | J69: PRESTACIONES | K69: JORNAL TOTAL | L69: RENDIMIENTO | N69: Vr. UNITARIO
B70: Oficial | H70: 1 | I70: =I71*2 -> 74478 | J70: 1.85 | K70: =+H70*I70*J70 -> 137784.3 | L70: 35 | N70: =+K70/L70 -> 3936.6943
B71: Ayudantes | H71: 2 | I71: 37239 | J71: 1.85 | K71: =+H71*I71*J71 -> 137784.3 | L71: 35 | N71: =+K71/L71 -> 3936.6943
B78: SUBTOTAL | N78: =ROUND((SUM(N70:N77)),0) -> 7873
B80: TOTAL COSTO DIRECTO | N80: =N47+N58+N65+N78 -> 13448
B81: V. COSTOS INDIRECTOS
B82: V. COSTOS INDIRECTOS
B84: Descripción | K84: Porcentaje | L84: Valor Total
B85: ADMINISTRACION | K85: 0.1 | L85: =+N80*K85 -> 1344.8 | N85: =N80*K85 -> 1344.8
B86: IMPREVISTOS | K86: 0.05 | L86: =+N80*K86 -> 672.4 | N86: =N80*K86 -> 672.4
B87: UTILIDAD | K87: 0.05 | L87: =+N80*K87 -> 672.4 | N87: =N80*K87 -> 672.4
B88: SUBTOTAL | N88: =ROUND((SUM(N85:N87)),0) -> 2690
B90: Precio Unitario Total Aproximado al peso | N90: =ROUND((N80+N88),0) -> 16138
G92: =+'[40]SV-01'!$G$96 -> Firma
G93: =+'[40]SV-01'!$G$97 -> Nombre:
G94: =+'[40]SV-01'!$G$98 -> Representante Legal del Contratista o su Apoderado
G95: =+'[40]SV-01'!$G$99 -> Matricula No. :
B97: =+'[40]SV-01'!$B$101 -> OBSERVACIONES INTERVENTORÍA
G101: =+'[40]SV-01'!$G$105 -> Firma
G102: =+'[40]SV-01'!$G$106 -> Nombre:
G103: =+'[40]SV-01'!$G$107 -> Representante Legal del Interventor o su Apoderado
G104: =+'[40]SV-01'!$G$108 -> Matricula No. :
B105: =+'[40]SV-01'!$B$109 -> Original: Archivo de Gestión Contractual ( Subdirecciòn Administrativa)
B106: =+'[40]SV-01'!$B$110 -> Copias : Unidad Ejecutora, Contratista, Interventor y Dirección Territorial.

Sheet N°8
C2: MINISTERIO DE TRANSPORTE | K2: CÓDIGO | L2: MSE--FR-14
C3: INSTITUTO NACIONAL DE VIAS
C4: DIRECCION OPERATIVA | K4: VERSIÓN | L4: 2
C5: PROCESO SUPERVISION, EJECUCION Y SEGUIMIENTO A PROYECTOS
C6: =+'[40]DATOS INICIALES '!B5 -> MANUAL DE INTERVENTORÍA OBRA PUBLICA | K6: PÁGINA | L6: 1 | M6: DE | N6: 1
C8: ANALISIS DE PRECIOS UNITARIOS
K10: FECHA | L10: DD | M10: MM | N10: AA
B12: UNIDAD EJECUTORA: | D12: DIRECCION TERRITORIAL OCAÑA | I12: DIRECCIÓN TERRITORIAL: | J12: OCAÑA
B18: CONTRATO No. | G18: DE
B19: OBJETO DEL CONTRATO | D19: ADECUACION Y MANTENIMIENTO DE LA SEDE INVIAS DIRECCION TERRITORIAL OCAÑA
B22: CONTRATISTA :
B24: INTERVENTOR
B26: GESTOR TECNICO DE CONTRATO
B28: FECHA CIERRE DE LICITACIÓN Y/O SELECCIÓN ABREVIADA
B30: DATOS ESPECÍFICOS
B32: ITEM | C32: DESCRIPCIÓN | K32: GRUPO DE AJUSTE | L32: UNIDAD | N32: CANTIDAD
B33: ='PRESUPUESTO OFICIAL'!B23 -> 8 | C33: ='PRESUPUESTO OFICIAL'!F23 -> Pintura vinilo para repinte de muros exteriores en fachada con estuco. | L33: ='PRESUPUESTO OFICIAL'!G23 -> m2 | N33: ='PRESUPUESTO OFICIAL'!H23 -> 293
B34: I. EQUIPO
B37: DESCRIPCIÓN | I37: TIPO | K37: TARIFA/HORA | L37: RENDIMIENTO | N37: Vr. UNITARIO
B38: Equipo y herramienta menor | I38: glb | K38: =N78 -> 6889 | L38: 30 | N38: =K38/L38 -> 229.63333
B47: SUBTOTAL | N47: =ROUND((SUM(N38:N46)),0) -> 230
B48: II. MATERIALES
B51: DESCRIPCIÓN | J51: UNIDAD | K51: CANTIDAD | L51: PRECIO UNIT. | N51: Vr. UNITARIO
B52: Pintura vinilo tipo VINILTEX O SIMILAR para interiores | J52: gal | K52: 0.065 | L52: 82300 | N52: =L52*K52 -> 5349.5
B60: SUBTOTAL | N60: =ROUND((SUM(N52:N59)),0) -> 5350
B61: III. TRANSPORTES
B64: MATERIAL | I64: VOL. o PESO | J64: DISTANCIA | K64: M3 o Ton/Km | L64: TARIFA | N64: Vr. UNITARIO
B67: SUBTOTAL | N67: =SUM(N65:N66) -> 0
B68: IV. MANO DE OBRA
B69: IV. MANO DE OBRA
B71: TRABAJADOR | H71: CANTIDAD | I71: JORNAL | J71: PRESTACIONES | K71: JORNAL TOTAL | L71: RENDIMIENTO | N71: Vr. UNITARIO
B72: Ayudante | H72: 1 | I72: 37239 | J72: 1.85 | K72: =+H72*I72*J72 -> 68892.15 | L72: 30 | N72: =+K72/L72 -> 2296.405
B73: Oficial | H73: 1 | I73: =I72*2 -> 74478 | J73: 1.85 | K73: =+H73*I73*J73 -> 137784.3 | L73: 30 | N73: =+K73/L73 -> 4592.81
B78: SUBTOTAL | N78: =ROUND((SUM(N72:N77)),0) -> 6889
B80: TOTAL COSTO DIRECTO | N80: =+N78+N67+N60+N47 -> 12469
B81: V. COSTOS INDIRECTOS
B82: V. COSTOS INDIRECTOS
B84: Descripción | K84: Porcentaje | L84: Valor Total
B85: ADMINISTRACION | K85: 0.1 | L85: =+N80*K85 -> 1246.9 | N85: =N80*K85 -> 1246.9
B86: IMPREVISTOS | K86: 0.05 | L86: =+N80*K86 -> 623.45 | N86: =N80*K86 -> 623.45
B87: UTILIDAD | K87: 0.05 | L87: =+N80*K87 -> 623.45 | N87: =N80*K87 -> 623.45
B88: SUBTOTAL | N88: =ROUND((L85+L86+L87),0) -> 2494
B90: Precio Unitario Total Aproximado al peso | N90: =ROUND(N80+N88,0) -> 14963
G92: =+'[40]SV-01'!$G$96 -> Firma
G93: =+'[40]SV-01'!$G$97 -> Nombre:
G94: =+'[40]SV-01'!$G$98 -> Representante Legal del Contratista o su Apoderado
G95: =+'[40]SV-01'!$G$99 -> Matricula No. :
B97: =+'[40]SV-01'!$B$101 -> OBSERVACIONES INTERVENTORÍA
G101: =+'[40]SV-01'!$G$105 -> Firma
G102: =+'[40]SV-01'!$G$106 -> Nombre:
G103: =+'[40]SV-01'!$G$107 -> Representante Legal del Interventor o su Apoderado
G104: =+'[40]SV-01'!$G$108 -> Matricula No. :
B105: =+'[40]SV-01'!$B$109 -> Original: Archivo de Gestión Contractual ( Subdirecciòn Administrativa)
B106: =+'[40]SV-01'!$B$110 -> Copias : Unidad Ejecutora, Contratista, Interventor y Dirección Territorial.

Sheet N°9
C2: MINISTERIO DE TRANSPORTE | K2: CÓDIGO | L2: MSE--FR-14
C3: INSTITUTO NACIONAL DE VIAS
C4: DIRECCION OPERATIVA | K4: VERSIÓN | L4: 2
C5: PROCESO SUPERVISION, EJECUCION Y SEGUIMIENTO A PROYECTOS
C6: =+'[40]DATOS INICIALES '!B5 -> MANUAL DE INTERVENTORÍA OBRA PUBLICA | K6: PÁGINA | L6: 1 | M6: DE | N6: 1
C8: ANALISIS DE PRECIOS UNITARIOS
K10: FECHA | L10: DD | M10: MM | N10: AA
B12: UNIDAD EJECUTORA: | D12: DIRECCION TERRITORIAL OCAÑA | I12: DIRECCIÓN TERRITORIAL: | J12: OCAÑA
B18: CONTRATO No. | G18: DE
B19: OBJETO DEL CONTRATO | D19: ADECUACION Y MANTENIMIENTO DE LA SEDE INVIAS DIRECCION TERRITORIAL OCAÑA
B22: CONTRATISTA :
B24: INTERVENTOR
B26: GESTOR TECNICO DE CONTRATO
B28: FECHA CIERRE DE LICITACIÓN Y/O SELECCIÓN ABREVIADA
B30: DATOS ESPECÍFICOS
B32: ITEM | C32: DESCRIPCIÓN | K32: GRUPO DE AJUSTE | L32: UNIDAD | N32: CANTIDAD
B33: ='PRESUPUESTO OFICIAL'!B24 -> 9 | C33: ='PRESUPUESTO OFICIAL'!F24 -> Pintura esmalte para puertas en madera | L33: ='PRESUPUESTO OFICIAL'!G24 -> m2 | N33: ='PRESUPUESTO OFICIAL'!H24 -> 94
B34: I. EQUIPO
B37: DESCRIPCIÓN | I37: TIPO | K37: TARIFA/HORA | L37: RENDIMIENTO | N37: Vr. UNITARIO
B38: HERRAMIENTA MENOR | K38: =N80 -> 10334 | L38: 0.2 | N38: =K38*L38 -> 2066.8
B47: SUBTOTAL | N47: =ROUND((SUM(N38:N46)),0) -> 2067
B48: II. MATERIALES
B51: DESCRIPCIÓN | J51: UNIDAD | K51: CANTIDAD | L51: PRECIO UNIT. | N51: Vr. UNITARIO
A52: SV-1072 | B52: Pintura mate madera | J52: Gl. | K52: 0.034471346 | L52: =15619*1.1 -> 17180.9 | N52: =K52*L52 -> 592.24875
A53: SV-1073 | B53: Disolvente | J53: Gl. | K53: 0.021 | L53: =35419*1.1 -> 38960.9 | N53: =K53*L53 -> 818.1789
B54: sellador lijable | J54: Gl. | K54: 0.015 | L54: =57132*1.1 -> 62845.2 | N54: =K54*L54 -> 942.678
B55: Tapaporos | J55: Gl. | K55: 0.015 | L55: =56431*1.1 -> 62074.1 | N55: =K55*L55 -> 931.1115
B56: Lija 80 | J56: U. | K56: 1.05 | L56: =700*1.1 -> 770 | N56: =K56*L56 -> 808.5
B60: SUBTOTAL | N60: =ROUND((SUM(N52:N59)),0) -> 4093
B61: III. TRANSPORTES
B64: MATERIAL | I64: VOL. o PESO | J64: DISTANCIA | K64: M3 o Ton/Km | L64: TARIFA | N64: Vr. UNITARIO
B67: SUBTOTAL | N67: =SUM(N65:N66) -> 0
B68: IV. MANO DE OBRA
B69: IV. MANO DE OBRA
B71: TRABAJADOR | H71: CANTIDAD | I71: JORNAL | J71: PRESTACIONES | K71: JORNAL TOTAL | L71: RENDIMIENTO | N71: Vr. UNITARIO
B72: OFICIAL | H72: 1 | I72: =37239*2 -> 74478 | J72: 1.85 | K72: =H72*I72*J72 -> 137784.3 | L72: 20 | N72: =K72/L72 -> 6889.215
B73: AYUDANTE | H73: 1 | I73: 37239 | J73: 1.85 | K73: =H73*I73*J73 -> 68892.15 | L73: 20 | N73: =K73/L73 -> 3444.6075
B80: SUBTOTAL | N80: =ROUND((SUM(N72:N79)),0) -> 10334
B82: TOTAL COSTO DIRECTO | N82: =+N80+N67+N60+N47 -> 16494
B83: V. COSTOS INDIRECTOS
B84: V. COSTOS INDIRECTOS
B86: Descripción | K86: Porcentaje | L86: Valor Total
B87: ADMINISTRACION | K87: 0.1 | L87: =+N82*K87 -> 1649.4 | N87: 1742.654
B88: IMPREVISTOS | K88: 0.05 | L88: =+N82*K88 -> 824.7 | N88: 522.79619
B89: UTILIDAD | K89: 0.05 | L89: =+N82*K89 -> 824.7 | N89: 871.32698
B90: SUBTOTAL | N90: =ROUND((SUM(L87:M89)),0) -> 3299
B92: Precio Unitario Total Aproximado al peso | N92: =ROUND((N82+N90),0) -> 19793
G95: =+'[40]SV-01'!$G$96 -> Firma
G96: =+'[40]SV-01'!$G$97 -> Nombre:
G97: =+'[40]SV-01'!$G$98 -> Representante Legal del Contratista o su Apoderado
G98: =+'[40]SV-01'!$G$99 -> Matricula No. :
B100: =+'[40]SV-01'!$B$101 -> OBSERVACIONES INTERVENTORÍA
G104: =+'[40]SV-01'!$G$105 -> Firma
G105: =+'[40]SV-01'!$G$106 -> Nombre:
G106: =+'[40]SV-01'!$G$107 -> Representante Legal del Interventor o su Apoderado
G107: =+'[40]SV-01'!$G$108 -> Matricula No. :
B108: =+'[40]SV-01'!$B$109 -> Original: Archivo de Gestión Contractual ( Subdirecciòn Administrativa)
B109: =+'[40]SV-01'!$B$110 -> Copias : Unidad Ejecutora, Contratista, Interventor y Dirección Territorial.

Sheet N°10
C2: MINISTERIO DE TRANSPORTE | K2: CÓDIGO | L2: MSE--FR-14
C3: INSTITUTO NACIONAL DE VIAS
C4: DIRECCION OPERATIVA | K4: VERSIÓN | L4: 2
C5: PROCESO SUPERVISION, EJECUCION Y SEGUIMIENTO A PROYECTOS
C6: =+'[40]DATOS INICIALES '!B5 -> MANUAL DE INTERVENTORÍA OBRA PUBLICA | K6: PÁGINA | L6: 1 | M6: DE | N6: 1
C8: ANALISIS DE PRECIOS UNITARIOS
K10: FECHA | L10: DD | M10: MM | N10: AA
B12: UNIDAD EJECUTORA: | D12: DIRECCION TERRITORIAL OCAÑA | I12: DIRECCIÓN TERRITORIAL: | J12: OCAÑA
B18: CONTRATO No. | G18: DE
B19: OBJETO DEL CONTRATO | D19: ADECUACION Y MANTENIMIENTO DE LA SEDE INVIAS DIRECCION TERRITORIAL OCAÑA
B22: CONTRATISTA :
B24: INTERVENTOR
B26: GESTOR TECNICO DE CONTRATO
B28: FECHA CIERRE DE LICITACIÓN Y/O SELECCIÓN ABREVIADA
B30: DATOS ESPECÍFICOS
B32: ITEM | C32: DESCRIPCIÓN | K32: GRUPO DE AJUSTE | L32: UNIDAD | N32: CANTIDAD
B33: ='PRESUPUESTO OFICIAL'!B25 -> 10 | C33: ='PRESUPUESTO OFICIAL'!F25 -> Pintura esmalte para puertas en lámina | L33: ='PRESUPUESTO OFICIAL'!G25 -> m2 | N33: ='PRESUPUESTO OFICIAL'!H25 -> 44
B34: I. EQUIPO
B37: DESCRIPCIÓN | I37: TIPO | K37: TARIFA/HORA | L37: RENDIMIENTO | N37: Vr. UNITARIO
B38: HERRAMIENTA MENOR | K38: =N72 -> 10334 | L38: 0.2 | N38: =K38*L38 -> 2066.8
B43: SUBTOTAL | N43: =ROUND((SUM(N38:N42)),0) -> 2067
B44: II. MATERIALES
B47: DESCRIPCIÓN | J47: UNIDAD | K47: CANTIDAD | L47: PRECIO UNIT. | N47: Vr. UNITARIO
A48: SV-1072 | B48: Pintura esmalte | J48: Gl. | K48: 0.14354235 | L48: =15619*1.1 -> 17180.9 | N48: =K48*L48 -> 2466.1867
A49: SV-1073 | B49: Disolvente | J49: Gl. | K49: 0.021 | L49: =35419*1.1 -> 38960.9 | N49: =K49*L49 -> 818.1789
B50: Lija 80 | J50: U. | K50: 1.05 | L50: =700*1.1 -> 770 | N50: =K50*L50 -> 808.5
B54: SUBTOTAL | N54: =ROUND((SUM(N48:N53)),0) -> 4093
B55: III. TRANSPORTES
B58: MATERIAL | I58: VOL. o PESO | J58: DISTANCIA | K58: M3 o Ton/Km | L58: TARIFA | N58: Vr. UNITARIO
B61: SUBTOTAL | N61: =SUM(N59:N60) -> 0
B62: IV. MANO DE OBRA
B63: IV. MANO DE OBRA
B65: TRABAJADOR | H65: CANTIDAD | I65: JORNAL | J65: PRESTACIONES | K65: JORNAL TOTAL | L65: RENDIMIENTO | N65: Vr. UNITARIO
B66: OFICIAL | H66: 1 | I66: =I67*2 -> 74478 | J66: 1.85 | K66: =I66*J66 -> 137784.3 | L66: 20 | N66: =K66/L66 -> 6889.215
B67: AYUDANTE | H67: 1 | I67: 37239 | J67: 1.85 | K67: =I67*J67 -> 68892.15 | L67: 20 | N67: =K67/L67 -> 3444.6075
B72: SUBTOTAL | N72: =ROUND((SUM(N66:N71)),0) -> 10334
B74: TOTAL COSTO DIRECTO | N74: =+N72+N61+N54+N43 -> 16494
B75: V. COSTOS INDIRECTOS
B76: V. COSTOS INDIRECTOS
B78: Descripción | K78: Porcentaje | L78: Valor Total
B79: ADMINISTRACION | K79: 0.1 | L79: =+N74*K79 -> 1649.4 | N79: 1649.3453
B80: IMPREVISTOS | K80: 0.05 | L80: =+N74*K80 -> 824.7 | N80: 494.80358
B81: UTILIDAD | K81: 0.05 | L81: =+N74*K81 -> 824.7 | N81: 824.67263
B82: SUBTOTAL | N82: =ROUND((SUM(L79:M81)),0) -> 3299
B84: Precio Unitario Total Aproximado al peso | N84: =N74+N82 -> 19793
G87: =+'[40]SV-01'!$G$96 -> Firma
G88: =+'[40]SV-01'!$G$97 -> Nombre:
G89: =+'[40]SV-01'!$G$98 -> Representante Legal del Contratista o su Apoderado
G90: =+'[40]SV-01'!$G$99 -> Matricula No. :
B92: =+'[40]SV-01'!$B$101 -> OBSERVACIONES INTERVENTORÍA
G96: =+'[40]SV-01'!$G$105 -> Firma
G97: =+'[40]SV-01'!$G$106 -> Nombre:
G98: =+'[40]SV-01'!$G$107 -> Representante Legal del Interventor o su Apoderado
G99: =+'[40]SV-01'!$G$108 -> Matricula No. :
B100: =+'[40]SV-01'!$B$109 -> Original: Archivo de Gestión Contractual ( Subdirecciòn Administrativa)
B101: =+'[40]SV-01'!$B$110 -> Copias : Unidad Ejecutora, Contratista, Interventor y Dirección Territorial.

Sheet N°11
C2: MINISTERIO DE TRANSPORTE | K2: CÓDIGO | L2: MSE--FR-14
C3: INSTITUTO NACIONAL DE VIAS
C4: DIRECCION OPERATIVA | K4: VERSIÓN | L4: 2
C5: PROCESO SUPERVISION, EJECUCION Y SEGUIMIENTO A PROYECTOS
C6: =+'[40]DATOS INICIALES '!B5 -> MANUAL DE INTERVENTORÍA OBRA PUBLICA | K6: PÁGINA | L6: 1 | M6: DE | N6: 1
C8: ANALISIS DE PRECIOS UNITARIOS
K10: FECHA | L10: DD | M10: MM | N10: AA
B12: UNIDAD EJECUTORA: | D12: DIRECCION TERRITORIAL OCAÑA | I12: DIRECCIÓN TERRITORIAL: | J12: OCAÑA
B18: CONTRATO No. | G18: DE
B19: OBJETO DEL CONTRATO | D19: ADECUACION Y MANTENIMIENTO DE LA SEDE INVIAS DIRECCION TERRITORIAL OCAÑA
B22: CONTRATISTA :
B24: INTERVENTOR
B26: GESTOR TECNICO DE CONTRATO
B28: FECHA CIERRE DE LICITACIÓN Y/O SELECCIÓN ABREVIADA
B30: DATOS ESPECÍFICOS
B32: ITEM | C32: DESCRIPCIÓN | K32: GRUPO DE AJUSTE | L32: UNIDAD | N32: CANTIDAD
B33: ='PRESUPUESTO OFICIAL'!B26 -> 11 | C33: ='PRESUPUESTO OFICIAL'!F26 -> Pintura esmalte para ventanas en lámina | L33: ='PRESUPUESTO OFICIAL'!G26 -> m2 | N33: ='PRESUPUESTO OFICIAL'!H26 -> 17.84
B34: I. EQUIPO
B37: DESCRIPCIÓN | I37: TIPO | K37: TARIFA/HORA | L37: RENDIMIENTO | N37: Vr. UNITARIO
B38: HERRAMIENTA MENOR | K38: =N79 -> 9706 | L38: 0.2 | N38: =K38*L38 -> 1941.2
B47: SUBTOTAL | N47: =ROUND((SUM(N38:N46)),0) -> 1941
B48: II. MATERIALES
B51: DESCRIPCIÓN | J51: UNIDAD | K51: CANTIDAD | L51: PRECIO UNIT. | N51: Vr. UNITARIO
A52: SV-1072 | B52: Pintura esmalte | J52: Gl. | K52: 0.16485796 | L52: =15619*1.1 -> 17180.9 | N52: =K52*L52 -> 2832.4082
A53: SV-1073 | B53: Disolvente | J53: Gl. | K53: 0.021 | L53: =35419*1.1 -> 38960.9 | N53: =K53*L53 -> 818.1789
B54: Lija 80 | J54: U. | K54: 1.05 | L54: =700*1.1 -> 770 | N54: =K54*L54 -> 808.5
B58: SUBTOTAL | N58: =ROUND((SUM(N52:N57)),0) -> 4459
B59: III. TRANSPORTES
B62: MATERIAL | I62: VOL. o PESO | J62: DISTANCIA | K62: M3 o Ton/Km | L62: TARIFA | N62: Vr. UNITARIO
B65: SUBTOTAL | N65: =SUM(N63:N64) -> 0
B66: IV. MANO DE OBRA
B67: IV. MANO DE OBRA
B69: TRABAJADOR | H69: CANTIDAD | I69: JORNAL | J69: PRESTACIONES | K69: JORNAL TOTAL | L69: RENDIMIENTO | N69: Vr. UNITARIO
B70: OFICIAL | H70: 1 | I70: =I71*2 -> 74478 | J70: 1.85 | K70: 125237.84 | L70: 20 | N70: =K70/L70 -> 6261.8922
B71: AYUDANTE | H71: 1 | I71: 37239 | J71: 1.85 | K71: =I71*J71 -> 68892.15 | L71: 20 | N71: =K71/L71 -> 3444.6075
B79: SUBTOTAL | N79: =ROUND((SUM(N70:N78)),0) -> 9706
B81: TOTAL COSTO DIRECTO | N81: =+N79+N65+N58+N47 -> 16106
B82: V. COSTOS INDIRECTOS
B83: V. COSTOS INDIRECTOS
B85: Descripción | K85: Porcentaje | L85: Valor Total
B86: ADMINISTRACION | K86: 0.1 | L86: =+N81*K86 -> 1610.6
B87: IMPREVISTOS | K87: 0.05 | L87: =+N81*K87 -> 805.3
B88: UTILIDAD | K88: 0.05 | L88: =+N81*K88 -> 805.3
B89: SUBTOTAL | N89: =ROUND((SUM(L86:M88)),0) -> 3221
B91: Precio Unitario Total Aproximado al peso | N91: =N81+N89 -> 19327
G94: =+'[40]SV-01'!$G$96 -> Firma
G95: =+'[40]SV-01'!$G$97 -> Nombre:
G96: =+'[40]SV-01'!$G$98 -> Representante Legal del Contratista o su Apoderado
G97: =+'[40]SV-01'!$G$99 -> Matricula No. :
B99: =+'[40]SV-01'!$B$101 -> OBSERVACIONES INTERVENTORÍA
G103: =+'[40]SV-01'!$G$105 -> Firma
G104: =+'[40]SV-01'!$G$106 -> Nombre:
G105: =+'[40]SV-01'!$G$107 -> Representante Legal del Interventor o su Apoderado
G106: =+'[40]SV-01'!$G$108 -> Matricula No. :
B107: =+'[40]SV-01'!$B$109 -> Original: Archivo de Gestión Contractual ( Subdirecciòn Administrativa)
B108: =+'[40]SV-01'!$B$110 -> Copias : Unidad Ejecutora, Contratista, Interventor y Dirección Territorial.

Sheet N°12
C2: MINISTERIO DE TRANSPORTE | K2: CÓDIGO | L2: MSE--FR-14
C3: INSTITUTO NACIONAL DE VIAS
C4: DIRECCION OPERATIVA | K4: VERSIÓN | L4: 2
C5: PROCESO SUPERVISION, EJECUCION Y SEGUIMIENTO A PROYECTOS
C6: =+'[40]DATOS INICIALES '!B5 -> MANUAL DE INTERVENTORÍA OBRA PUBLICA | K6: PÁGINA | L6: 1 | M6: DE | N6: 1
C8: ANALISIS DE PRECIOS UNITARIOS
K10: FECHA | L10: DD | M10: MM | N10: AA
B12: UNIDAD EJECUTORA: | D12: DIRECCION TERRITORIAL OCAÑA | I12: DIRECCIÓN TERRITORIAL: | J12: OCAÑA
B18: CONTRATO No. | G18: DE
B19: OBJETO DEL CONTRATO | D19: ADECUACION Y MANTENIMIENTO DE LA SEDE INVIAS DIRECCION TERRITORIAL OCAÑA
B22: CONTRATISTA :
B24: INTERVENTOR
B26: GESTOR TECNICO DE CONTRATO
B28: FECHA CIERRE DE LICITACIÓN Y/O SELECCIÓN ABREVIADA
B30: DATOS ESPECÍFICOS
B32: ITEM | C32: DESCRIPCIÓN | K32: GRUPO DE AJUSTE | L32: UNIDAD | N32: CANTIDAD
B33: ='PRESUPUESTO OFICIAL'!B27 -> 12 | C33: ='PRESUPUESTO OFICIAL'!F27 -> Construcción bodega almacenamiento insumos cafeteria y aseo general | L33: ='PRESUPUESTO OFICIAL'!G27 -> gl | N33: ='PRESUPUESTO OFICIAL'!H27 -> 1
B34: I. EQUIPO
B37: DESCRIPCIÓN | I37: TIPO | K37: TARIFA/HORA | L37: RENDIMIENTO | N37: Vr. UNITARIO
B38: HERRAMIENTA MENOR (%) | K38: =N72 -> 275569 | L38: 0.25 | N38: =K38*L38 -> 68892.25
B42: SUBTOTAL | N42: =ROUND((SUM(N38:N41)),0) -> 68892
B43: II. MATERIALES
R44: 106295.89
B46: DESCRIPCIÓN | J46: UNIDAD | K46: CANTIDAD | L46: PRECIO UNIT. | N46: Vr. UNITARIO
B47: Muros en eterboard doble cara | J47: m2 | K47: 33 | L47: 69500 | N47: =L47*K47 -> 2293500
B48: Puerta métalica | J48: Und | K48: 1 | L48: 250000 | N48: =L48*K48 -> 250000
B49: Punto eléctrico | J49: Und | K49: 2 | L49: 180000 | N49: =L49*K49 -> 360000
B54: SUBTOTAL | N54: =ROUND((SUM(N47:N53)),0) -> 2903500
B55: III. TRANSPORTES
B58: MATERIAL | I58: VOL. o PESO | J58: DISTANCIA | K58: M3 o Ton/Km | L58: TARIFA | N58: Vr. UNITARIO
B61: SUBTOTAL | N61: =SUM(N59:N60) -> 0
B62: IV. MANO DE OBRA
B63: IV. MANO DE OBRA
B65: TRABAJADOR | H65: CANTIDAD | I65: JORNAL | J65: PRESTACIONES | K65: JORNAL TOTAL | L65: RENDIMIENTO | N65: Vr. UNITARIO
B66: Ayudante | H66: 2 | I66: 37239 | J66: 1.85 | K66: =+H66*I66*J66 -> 137784.3 | L66: 1 | N66: =+K66*L66 -> 137784.3
B67: Oficial | H67: 1 | I67: =37239*2 -> 74478 | J67: 1.85 | K67: =+H67*I67*J67 -> 137784.3 | L67: 1 | N67: =+K67*L67 -> 137784.3
B72: SUBTOTAL | N72: =ROUND((SUM(N66:N71)),0) -> 275569
B74: TOTAL COSTO DIRECTO | N74: =+N72+N61+N54+N42 -> 3247961
B75: V. COSTOS INDIRECTOS
B76: V. COSTOS INDIRECTOS
B78: Descripción | K78: Porcentaje | L78: Valor Total
B79: ADMINISTRACION | K79: 0.1 | L79: =+N74*K79 -> 324796.1 | N79: =N74*K79 -> 324796.1
B80: IMPREVISTOS | K80: 0.05 | L80: =+N74*K80 -> 162398.05 | N80: =N74*K80 -> 162398.05
B81: UTILIDAD | K81: 0.05 | L81: =+N74*K81 -> 162398.05 | N81: =N74*K81 -> 162398.05
B82: SUBTOTAL | N82: =ROUND((L79+L80+L81),0) -> 649592
B84: Precio Unitario Total Aproximado al peso | N84: =ROUND(N74+N82,0) -> 3897553
G86: =+'[40]SV-01'!$G$96 -> Firma
G87: =+'[40]SV-01'!$G$97 -> Nombre:
G88: =+'[40]SV-01'!$G$98 -> Representante Legal del Contratista o su Apoderado
G89: =+'[40]SV-01'!$G$99 -> Matricula No. :
B91: =+'[40]SV-01'!$B$101 -> OBSERVACIONES INTERVENTORÍA
G95: =+'[40]SV-01'!$G$105 -> Firma
G96: =+'[40]SV-01'!$G$106 -> Nombre:
G97: =+'[40]SV-01'!$G$107 -> Representante Legal del Interventor o su Apoderado
G98: =+'[40]SV-01'!$G$108 -> Matricula No. :
B99: =+'[40]SV-01'!$B$109 -> Original: Archivo de Gestión Contractual ( Subdirecciòn Administrativa)
B100: =+'[40]SV-01'!$B$110 -> Copias : Unidad Ejecutora, Contratista, Interventor y Dirección Territorial.

Sheet N°13
C2: MINISTERIO DE TRANSPORTE | K2: CÓDIGO | L2: MSE--FR-14
C3: INSTITUTO NACIONAL DE VIAS
C4: DIRECCION OPERATIVA | K4: VERSIÓN | L4: 2
C5: PROCESO SUPERVISION, EJECUCION Y SEGUIMIENTO A PROYECTOS
C6: =+'[40]DATOS INICIALES '!B5 -> MANUAL DE INTERVENTORÍA OBRA PUBLICA | K6: PÁGINA | L6: 1 | M6: DE | N6: 1
C8: ANALISIS DE PRECIOS UNITARIOS
K10: FECHA | L10: DD | M10: MM | N10: AA
B12: UNIDAD EJECUTORA: | D12: DIRECCION TERRITORIAL OCAÑA | I12: DIRECCIÓN TERRITORIAL: | J12: OCAÑA
B18: CONTRATO No. | G18: DE
B19: OBJETO DEL CONTRATO | D19: ADECUACION Y MANTENIMIENTO DE LA SEDE INVIAS DIRECCION TERRITORIAL OCAÑA
B22: CONTRATISTA :
B24: INTERVENTOR
B26: GESTOR TECNICO DE CONTRATO
B28: FECHA CIERRE DE LICITACIÓN Y/O SELECCIÓN ABREVIADA
B30: DATOS ESPECÍFICOS
B32: ITEM | C32: DESCRIPCIÓN | K32: GRUPO DE AJUSTE | L32: UNIDAD | N32: CANTIDAD
B33: ='PRESUPUESTO OFICIAL'!B29 -> 13 | C33: ='PRESUPUESTO OFICIAL'!F29 -> Demolición piso existente en tableta de gress | L33: ='PRESUPUESTO OFICIAL'!G29 -> M2 | N33: ='PRESUPUESTO OFICIAL'!H29 -> 38
B34: I. EQUIPO
B37: DESCRIPCIÓN | I37: TIPO | K37: TARIFA/HORA | L37: RENDIMIENTO | N37: Vr. UNITARIO
B38: HERRAMIENTA MENOR (%) | K38: =N69 -> 6889 | L38: 0.5 | N38: =K38*L38 -> 3444.5
B42: SUBTOTAL | N42: =ROUND((SUM(N38:N41)),0) -> 3445
B43: II. MATERIALES
R44: 106295.89
B46: DESCRIPCIÓN | J46: UNIDAD | K46: CANTIDAD | L46: PRECIO UNIT. | N46: Vr. UNITARIO
B51: SUBTOTAL | N51: =ROUND((SUM(N47:N50)),0) -> 0
B52: III. TRANSPORTES
B55: MATERIAL | I55: VOL. o PESO | J55: DISTANCIA | K55: M3 o Ton/Km | L55: TARIFA | N55: Vr. UNITARIO
B58: SUBTOTAL | N58: =ROUND((SUM(N56:N57)),0) -> 0
B59: IV. MANO DE OBRA
B60: IV. MANO DE OBRA
B62: TRABAJADOR | H62: CANTIDAD | I62: JORNAL | J62: PRESTACIONES | K62: JORNAL TOTAL | L62: RENDIMIENTO | N62: Vr. UNITARIO
B63: Ayudante | H63: 3 | I63: 37239 | J63: 1.85 | K63: =+H63*I63*J63 -> 206676.45 | L63: 50 | N63: =K63/L63 -> 4133.529
B64: Oficial | H64: 1 | I64: =37239*2 -> 74478 | J64: 1.85 | K64: =+H64*I64*J64 -> 137784.3 | L64: 50 | N64: =K64/L64 -> 2755.686
B69: SUBTOTAL | N69: =ROUND((SUM(N63:N68)),0) -> 6889
B71: TOTAL COSTO DIRECTO | N71: =+N69+N58+N51+N42 -> 10334
B72: V. COSTOS INDIRECTOS
B73: V. COSTOS INDIRECTOS
B75: Descripción | K75: Porcentaje | L75: Valor Total
B76: ADMINISTRACION | K76: 0.1 | L76: =+N71*K76 -> 1033.4 | N76: =N71*K76 -> 1033.4
B77: IMPREVISTOS | K77: 0.05 | L77: =+N71*K77 -> 516.7 | N77: =N71*K77 -> 516.7
B78: UTILIDAD | K78: 0.05 | L78: =+N71*K78 -> 516.7 | N78: =N71*K78 -> 516.7
B79: SUBTOTAL | N79: =ROUND((L76+L77+L78),0) -> 2067
B81: Precio Unitario Total Aproximado al peso | N81: =ROUND(N71+N79,0) -> 12401
G83: =+'[40]SV-01'!$G$96 -> Firma
G84: =+'[40]SV-01'!$G$97 -> Nombre:
G85: =+'[40]SV-01'!$G$98 -> Representante Legal del Contratista o su Apoderado
G86: =+'[40]SV-01'!$G$99 -> Matricula No. :
B88: =+'[40]SV-01'!$B$101 -> OBSERVACIONES INTERVENTORÍA
G92: =+'[40]SV-01'!$G$105 -> Firma
G93: =+'[40]SV-01'!$G$106 -> Nombre:
G94: =+'[40]SV-01'!$G$107 -> Representante Legal del Interventor o su Apoderado
G95: =+'[40]SV-01'!$G$108 -> Matricula No. :
B96: =+'[40]SV-01'!$B$109 -> Original: Archivo de Gestión Contractual ( Subdirecciòn Administrativa)
B97: =+'[40]SV-01'!$B$110 -> Copias : Unidad Ejecutora, Contratista, Interventor y Dirección Territorial.

Sheet N°14
C2: MINISTERIO DE TRANSPORTE | K2: CÓDIGO | L2: MSE--FR-14
C3: INSTITUTO NACIONAL DE VIAS
C4: DIRECCION OPERATIVA | K4: VERSIÓN | L4: 2
C5: PROCESO SUPERVISION, EJECUCION Y SEGUIMIENTO A PROYECTOS
C6: =+'[40]DATOS INICIALES '!B5 -> MANUAL DE INTERVENTORÍA OBRA PUBLICA | K6: PÁGINA | L6: 1 | M6: DE | N6: 1
C8: ANALISIS DE PRECIOS UNITARIOS
K10: FECHA | L10: DD | M10: MM | N10: AA
B12: UNIDAD EJECUTORA: | D12: DIRECCION TERRITORIAL OCAÑA | I12: DIRECCIÓN TERRITORIAL: | J12: OCAÑA
B18: CONTRATO No. | G18: DE
B19: OBJETO DEL CONTRATO | D19: ADECUACION Y MANTENIMIENTO DE LA SEDE INVIAS DIRECCION TERRITORIAL OCAÑA
B22: CONTRATISTA :
B24: INTERVENTOR
B26: GESTOR TECNICO DE CONTRATO
B28: FECHA CIERRE DE LICITACIÓN Y/O SELECCIÓN ABREVIADA
B30: DATOS ESPECÍFICOS
B32: ITEM | C32: DESCRIPCIÓN | K32: GRUPO DE AJUSTE | L32: UNIDAD | N32: CANTIDAD
B33: ='PRESUPUESTO OFICIAL'!B30 -> 14 | C33: ='PRESUPUESTO OFICIAL'!F30 -> Instalación piso en tableta de gress 25x25 | L33: ='PRESUPUESTO OFICIAL'!G30 -> M2 | N33: ='PRESUPUESTO OFICIAL'!H30 -> 38
B34: I. EQUIPO
B37: DESCRIPCIÓN | I37: TIPO | K37: TARIFA/HORA | L37: RENDIMIENTO | N37: Vr. UNITARIO
B38: HERRAMIENTA MENOR (%) | K38: =N69 -> 6889 | L38: 0.1 | N38: =K38*L38 -> 688.9
B42: SUBTOTAL | N42: =ROUND((SUM(N38:N41)),0) -> 689
B43: II. MATERIALES
R44: 106295.89
B46: DESCRIPCIÓN | J46: UNIDAD | K46: CANTIDAD | L46: PRECIO UNIT. | N46: Vr. UNITARIO
B47: Tableta de gress de 25 x 25 | J47: m2 | K47: 1.05 | L47: 22000 | N47: =L47*K47 -> 23100
B48: cemento gris | J48: kg | K48: 2 | L48: 700 | N48: =K48*L48 -> 1400
B49: Mortero 1:3 | J49: M3 | K49: 0.042 | L49: 448388 | N49: =K49*L49 -> 18832.296
B50: Dilactación plástica | J50: m | K50: 1.25 | L50: 1874 | N50: =K50*L50 -> 2342.5
B51: SUBTOTAL | N51: =ROUND((SUM(N47:N50)),0) -> 45675
B52: III. TRANSPORTES
B55: MATERIAL | I55: VOL. o PESO | J55: DISTANCIA | K55: M3 o Ton/Km | L55: TARIFA | N55: Vr. UNITARIO
B58: SUBTOTAL | N58: =ROUND((SUM(N56:N57)),0) -> 0
B59: IV. MANO DE OBRA
B60: IV. MANO DE OBRA
B62: TRABAJADOR | H62: CANTIDAD | I62: JORNAL | J62: PRESTACIONES | K62: JORNAL TOTAL | L62: RENDIMIENTO | N62: Vr. UNITARIO
B63: Ayudante | H63: 2 | I63: 37239 | J63: 1.85 | K63: =+H63*I63*J63 -> 137784.3 | L63: 40 | N63: =K63/L63 -> 3444.6075
B64: Oficial | H64: 1 | I64: =37239*2 -> 74478 | J64: 1.85 | K64: =+H64*I64*J64 -> 137784.3 | L64: 40 | N64: =K64/L64 -> 3444.6075
B69: SUBTOTAL | N69: =ROUND((SUM(N63:N68)),0) -> 6889
B71: TOTAL COSTO DIRECTO | N71: =+N69+N58+N51+N42 -> 53253
B72: V. COSTOS INDIRECTOS
B73: V. COSTOS INDIRECTOS
B75: Descripción | K75: Porcentaje | L75: Valor Total
B76: ADMINISTRACION | K76: 0.1 | L76: =+N71*K76 -> 5325.3 | N76: =N71*K76 -> 5325.3
B77: IMPREVISTOS | K77: 0.05 | L77: =+N71*K77 -> 2662.65 | N77: =N71*K77 -> 2662.65
B78: UTILIDAD | K78: 0.05 | L78: =+N71*K78 -> 2662.65 | N78: =N71*K78 -> 2662.65
B79: SUBTOTAL | N79: =ROUND((L76+L77+L78),0) -> 10651
B81: Precio Unitario Total Aproximado al peso | N81: =ROUND(N71+N79,0) -> 63904
G83: =+'[40]SV-01'!$G$96 -> Firma
G84: =+'[40]SV-01'!$G$97 -> Nombre:
G85: =+'[40]SV-01'!$G$98 -> Representante Legal del Contratista o su Apoderado
G86: =+'[40]SV-01'!$G$99 -> Matricula No. :
B88: =+'[40]SV-01'!$B$101 -> OBSERVACIONES INTERVENTORÍA
G92: =+'[40]SV-01'!$G$105 -> Firma
G93: =+'[40]SV-01'!$G$106 -> Nombre:
G94: =+'[40]SV-01'!$G$107 -> Representante Legal del Interventor o su Apoderado
G95: =+'[40]SV-01'!$G$108 -> Matricula No. :
B96: =+'[40]SV-01'!$B$109 -> Original: Archivo de Gestión Contractual ( Subdirecciòn Administrativa)
B97: =+'[40]SV-01'!$B$110 -> Copias : Unidad Ejecutora, Contratista, Interventor y Dirección Territorial.

Sheet N°15
C2: MINISTERIO DE TRANSPORTE | K2: CÓDIGO | L2: MSE--FR-14
C3: INSTITUTO NACIONAL DE VIAS
C4: DIRECCION OPERATIVA | K4: VERSIÓN | L4: 2
C5: PROCESO SUPERVISION, EJECUCION Y SEGUIMIENTO A PROYECTOS
C6: =+'[40]DATOS INICIALES '!B5 -> MANUAL DE INTERVENTORÍA OBRA PUBLICA | K6: PÁGINA | L6: 1 | M6: DE | N6: 1
C8: ANALISIS DE PRECIOS UNITARIOS
K10: FECHA | L10: DD | M10: MM | N10: AA
B12: UNIDAD EJECUTORA: | D12: DIRECCION TERRITORIAL OCAÑA | I12: DIRECCIÓN TERRITORIAL: | J12: OCAÑA
B18: CONTRATO No. | G18: DE
B19: OBJETO DEL CONTRATO | D19: ADECUACION Y MANTENIMIENTO DE LA SEDE INVIAS DIRECCION TERRITORIAL OCAÑA
B22: CONTRATISTA :
B24: INTERVENTOR
B26: GESTOR TECNICO DE CONTRATO
B28: FECHA CIERRE DE LICITACIÓN Y/O SELECCIÓN ABREVIADA
B30: DATOS ESPECÍFICOS
B32: ITEM | C32: DESCRIPCIÓN | K32: GRUPO DE AJUSTE | L32: UNIDAD | N32: CANTIDAD
B33: ='PRESUPUESTO OFICIAL'!B32 -> 15 | C33: ='PRESUPUESTO OFICIAL'!F32 -> Impermeabilización de placas de cubierta de la oficina de recepcion, con pintura impermeabilizante transparente | L33: ='PRESUPUESTO OFICIAL'!G32 -> M2 | N33: ='PRESUPUESTO OFICIAL'!H32 -> 38
B34: I. EQUIPO
B37: DESCRIPCIÓN | I37: TIPO | K37: TARIFA/HORA | L37: RENDIMIENTO | N37: Vr. UNITARIO
B38: Andamios, escaleras y herramienta menor | K38: =N74 -> 22964 | M38: 0.3 | N38: =M38*K38 -> 6889.2
B43: SUBTOTAL | N43: =ROUND((SUM(N38:N42)),0) -> 6889
B44: II. MATERIALES
B47: DESCRIPCIÓN | J47: UNIDAD | K47: CANTIDAD | L47: PRECIO UNIT. | N47: Vr. UNITARIO
A48: SV-1072 | B48: Pintura impermeabilizante transparente | J48: m2 | K48: 1 | L48: 22470 | N48: =L48*K48 -> 22470
A49: SV-1073 | B49: Materiales para alistamiento (nivelación, medias cañas, etc.) | J49: m2 | K49: 1 | L49: =9816*1.1 -> 10797.6 | N49: =K49*L49 -> 10797.6
B54: SUBTOTAL | N54: =ROUND((SUM(N48:N53)),0) -> 33268
B55: III. TRANSPORTES
B58: MATERIAL | I58: VOL. o PESO | J58: DISTANCIA | K58: M3 o Ton/Km | L58: TARIFA | N58: Vr. UNITARIO
N59: =K59*L59 -> 0
B61: SUBTOTAL | N61: =SUM(N59:N60) -> 0
B62: IV. MANO DE OBRA
B63: IV. MANO DE OBRA
B65: TRABAJADOR | H65: CANTIDAD | I65: JORNAL | J65: PRESTACIONES | K65: JORNAL TOTAL | L65: RENDIMIENTO | N65: Vr. UNITARIO
B66: OFICIAL (retiro y limpieza de impermeabilización existente, nivelaciones y medias cañas ) | H66: 1 | I66: =I67*2 -> 74478 | J66: 1.85 | K66: =H66*I66*J66 -> 137784.3 | L66: 12 | N66: =K66/L66 -> 11482.025
B67: AYUDANTE | H67: 2 | I67: 37239 | J67: 1.85 | K67: =H67*I67*J67 -> 137784.3 | L67: 12 | N67: =K67/L67 -> 11482.025
B74: SUBTOTAL | N74: =ROUND((SUM(N66:N73)),0) -> 22964
B76: TOTAL COSTO DIRECTO | N76: =ROUND((+N74+N61+N54+N43),0) -> 63121
B77: V. COSTOS INDIRECTOS
B78: V. COSTOS INDIRECTOS
B80: Descripción | K80: Porcentaje | L80: Valor Total
B81: ADMINISTRACION | K81: 0.1 | L81: =+N76*K81 -> 6312.1 | N81: 6312.1
B82: IMPREVISTOS | K82: 0.05 | L82: =+N76*K82 -> 3156.05 | N82: 1893.63
B83: UTILIDAD | K83: 0.05 | L83: =+N76*K83 -> 3156.05 | N83: 3156.05
B84: SUBTOTAL | N84: =ROUND((SUM(L81:M83)),0) -> 12624
B86: Precio Unitario Total Aproximado al peso | N86: =N76+N84 -> 75745
G89: =+'[40]SV-01'!$G$96 -> Firma
G90: =+'[40]SV-01'!$G$97 -> Nombre:
G91: =+'[40]SV-01'!$G$98 -> Representante Legal del Contratista o su Apoderado
G92: =+'[40]SV-01'!$G$99 -> Matricula No. :
B94: =+'[40]SV-01'!$B$101 -> OBSERVACIONES INTERVENTORÍA
G98: =+'[40]SV-01'!$G$105 -> Firma
G99: =+'[40]SV-01'!$G$106 -> Nombre:
G100: =+'[40]SV-01'!$G$107 -> Representante Legal del Interventor o su Apoderado
G101: =+'[40]SV-01'!$G$108 -> Matricula No. :
B102: =+'[40]SV-01'!$B$109 -> Original: Archivo de Gestión Contractual ( Subdirecciòn Administrativa)
B103: =+'[40]SV-01'!$B$110 -> Copias : Unidad Ejecutora, Contratista, Interventor y Dirección Territorial.

Sheet N°16
C2: MINISTERIO DE TRANSPORTE | K2: CÓDIGO | L2: MSE--FR-14
C3: INSTITUTO NACIONAL DE VIAS
C4: DIRECCION OPERATIVA | K4: VERSIÓN | L4: 2
C5: PROCESO SUPERVISION, EJECUCION Y SEGUIMIENTO A PROYECTOS
C6: =+'[40]DATOS INICIALES '!B5 -> MANUAL DE INTERVENTORÍA OBRA PUBLICA | K6: PÁGINA | L6: 1 | M6: DE | N6: 1
C8: ANALISIS DE PRECIOS UNITARIOS
K10: FECHA | L10: DD | M10: MM | N10: AA
B12: UNIDAD EJECUTORA: | D12: DIRECCION TERRITORIAL OCAÑA | I12: DIRECCIÓN TERRITORIAL: | J12: OCAÑA
B18: CONTRATO No. | G18: DE
B19: OBJETO DEL CONTRATO | D19: ADECUACION Y MANTENIMIENTO DE LA SEDE INVIAS DIRECCION TERRITORIAL OCAÑA
B22: CONTRATISTA :
B24: INTERVENTOR
B26: GESTOR TECNICO DE CONTRATO
B28: FECHA CIERRE DE LICITACIÓN Y/O SELECCIÓN ABREVIADA
B30: DATOS ESPECÍFICOS
B32: ITEM | C32: DESCRIPCIÓN | K32: GRUPO DE AJUSTE | L32: UNIDAD | N32: CANTIDAD
B33: ='PRESUPUESTO OFICIAL'!B33 -> 16 | C33: ='PRESUPUESTO OFICIAL'!F33 -> Reparación de cubiertas construidas con lámina policarbonato | L33: ='PRESUPUESTO OFICIAL'!G33 -> M2 | N33: ='PRESUPUESTO OFICIAL'!H33 -> 76
B34: I. EQUIPO
B37: DESCRIPCIÓN | I37: TIPO | K37: TARIFA/HORA | L37: RENDIMIENTO | N37: Vr. UNITARIO
B38: HERRAMIENTA MENOR | K38: 10000 | L38: 0.3 | N38: =K38*L38 -> 3000
B43: SUBTOTAL | N43: =ROUND((SUM(N38:N42)),0) -> 3000
B44: II. MATERIALES
B47: DESCRIPCIÓN | J47: UNIDAD | K47: CANTIDAD | L47: PRECIO UNIT. | N47: Vr. UNITARIO
B48: Reparación de cubiertas construidas con lámina plana con policarbonato acrilica 6m.m | J48: m2 | K48: 0.05 | L48: =301603*1.1 -> 331763.3 | N48: =L48*K48 -> 16588.165
B49: Materiales para fijación | J49: gbl | N49: =4767.12793965517*1.1 -> 5243.8407
B50: Adhesivos | J50: gbl | N50: =500*1.1 -> 550
B53: SUBTOTAL | N53: =ROUND((SUM(N48:N52)),0) -> 22382
B54: III. TRANSPORTES
B57: MATERIAL | I57: VOL. o PESO | J57: DISTANCIA | K57: M3 o Ton/Km | L57: TARIFA | N57: Vr. UNITARIO
B60: SUBTOTAL | N60: =SUM(N58:N59) -> 0
B61: IV. MANO DE OBRA
B62: IV. MANO DE OBRA
B64: TRABAJADOR | H64: CANTIDAD | I64: JORNAL | J64: PRESTACIONES | K64: JORNAL TOTAL | L64: RENDIMIENTO | N64: Vr. UNITARIO
B65: OFICIAL | H65: 1 | I65: =I66*2 -> 74478 | J65: 1.85 | K65: =H65*I65*J65 -> 137784.3 | L65: 30 | N65: =K65/L65 -> 4592.81
B66: AYUDANTE | H66: 1 | I66: 37239 | J66: 1.85 | K66: =H66*I66*J66 -> 68892.15 | L66: 30 | N66: =K66/L66 -> 2296.405
B70: SUBTOTAL | N70: =ROUND((SUM(N65:N69)),0) -> 6889
B72: TOTAL COSTO DIRECTO | N72: =ROUND((+N70+N60+N53+N43),0) -> 32271
B73: V. COSTOS INDIRECTOS
B74: V. COSTOS INDIRECTOS
B76: Descripción | K76: Porcentaje | L76: Valor Total
B77: ADMINISTRACION | K77: 0.1 | L77: =+N72*K77 -> 3227.1 | N77: 3227.1
B78: IMPREVISTOS | K78: 0.05 | L78: =+N72*K78 -> 1613.55 | N78: 968.13
B79: UTILIDAD | K79: 0.05 | L79: =+N72*K79 -> 1613.55 | N79: 1613.55
B80: SUBTOTAL | N80: =ROUND((L77+L78+L79),0) -> 6454
B82: Precio Unitario Total Aproximado al peso | N82: =ROUND(N72+N80,0) -> 38725
G84: =+'[40]SV-01'!$G$96 -> Firma
G85: =+'[40]SV-01'!$G$97 -> Nombre:
G86: =+'[40]SV-01'!$G$98 -> Representante Legal del Contratista o su Apoderado
G87: =+'[40]SV-01'!$G$99 -> Matricula No. :
B89: =+'[40]SV-01'!$B$101 -> OBSERVACIONES INTERVENTORÍA
G93: =+'[40]SV-01'!$G$105 -> Firma
G94: =+'[40]SV-01'!$G$106 -> Nombre:
G95: =+'[40]SV-01'!$G$107 -> Representante Legal del Interventor o su Apoderado
G96: =+'[40]SV-01'!$G$108 -> Matricula No. :
B97: =+'[40]SV-01'!$B$109 -> Original: Archivo de Gestión Contractual ( Subdirecciòn Administrativa)
B98: =+'[40]SV-01'!$B$110 -> Copias : Unidad Ejecutora, Contratista, Interventor y Dirección Territorial.

Sheet N°17
C2: MINISTERIO DE TRANSPORTE | K2: CÓDIGO | L2: MSE--FR-14
C3: INSTITUTO NACIONAL DE VIAS
C4: DIRECCION OPERATIVA | K4: VERSIÓN | L4: 2
C5: PROCESO SUPERVISION, EJECUCION Y SEGUIMIENTO A PROYECTOS
C6: =+'[40]DATOS INICIALES '!B5 -> MANUAL DE INTERVENTORÍA OBRA PUBLICA | K6: PÁGINA | L6: 1 | M6: DE | N6: 1
C8: ANALISIS DE PRECIOS UNITARIOS
K10: FECHA | L10: DD | M10: MM | N10: AA
B12: UNIDAD EJECUTORA: | D12: DIRECCION TERRITORIAL OCAÑA | I12: DIRECCIÓN TERRITORIAL: | J12: OCAÑA
B18: CONTRATO No. | G18: DE
B19: OBJETO DEL CONTRATO | D19: ADECUACION Y MANTENIMIENTO DE LA SEDE INVIAS DIRECCION TERRITORIAL OCAÑA
B22: CONTRATISTA :
B24: INTERVENTOR
B26: GESTOR TECNICO DE CONTRATO
B28: FECHA CIERRE DE LICITACIÓN Y/O SELECCIÓN ABREVIADA
B30: DATOS ESPECÍFICOS
B32: ITEM | C32: DESCRIPCIÓN | K32: GRUPO DE AJUSTE | L32: UNIDAD | N32: CANTIDAD
B33: ='PRESUPUESTO OFICIAL'!B35 -> 17 | C33: ='PRESUPUESTO OFICIAL'!F35 -> Construcción de Unidad Sanitaria accesibles para personas con movilidad reducida | L33: ='PRESUPUESTO OFICIAL'!G35 -> global | N33: ='PRESUPUESTO OFICIAL'!H35 -> 1
B34: I. EQUIPO
B37: DESCRIPCIÓN | I37: TIPO | K37: TARIFA/HORA | L37: RENDIMIENTO | N37: Vr. UNITARIO
B38: HERRAMIENTA MENOR | K38: 10000 | L38: 0.3 | N38: =K38*L38 -> 3000
B43: SUBTOTAL | N43: =ROUND((SUM(N38:N42)),0) -> 3000
B44: II. MATERIALES
B47: DESCRIPCIÓN | J47: UNIDAD | K47: CANTIDAD | L47: PRECIO UNIT. | N47: Vr. UNITARIO
B48: Caja de Inspección 60x60x60 | J48: Und | K48: 1 | L48: ='caja de inspección 60x60x60'!E3 -> 293736 | N48: =L48*K48 -> 293736
B49: Red Sanitaria PVC 1 1/2- INCL. Excavación Instalación y tape | J49: Ml | K49: 3 | L49: ='RED SANITARIA PVC 1 1 2'!E2 -> 23070 | N49: =L49*K49 -> 69210
B50: Red hidraulica Tubería Presión PVC 1/2" | J50: Ml | K50: 7 | L50: ='RED HIDRAULICA SUMIN. PVC 1 2'!E1 -> 11451 | M50: 12961 | N50: =L50*K50 -> 80157
B51: Punto electrico | J51: Und | K51: 1 | L51: 180000 | N51: =L51*K51 -> 180000
B52: Taza Adriatico Entrada Superior | J52: Und | K52: 1 | L52: 660900 | N52: =L52*K52 -> 660900
B53: Kit Barra De Seguridad Baño + Barra 50 Cm Acero Inoxidable | J53: Und | K53: 1 | L53: 360000 | N53: =L53*K53 -> 360000
B54: Lavamanos de empotrar | J54: Und | K54: 1 | L54: 422900 | M54: 422900 | N54: =L54*K54 -> 422900
B55: Muros sencillo en ladrillo común Incluye mortero 1:4 | J55: m2 | K55: 6.6 | L55: ='Muros sencillo en ladrillo comú'!E1 -> 67535 | N55: =L55*K55 -> 445731
B56: Pañete Impermeabilizado en Muros 1:4 | J56: m2 | K56: 33 | L56: ='PAÑETE IMPERMEABILIZADO EN MURO'!E1 -> 27771 | N56: =L56*K56 -> 916443
B57: Enchape de baño | J57: m2 | K57: 33 | L57: ='enchape de baño'!E1 -> 59250 | N57: =L57*K57 -> 1955250
B58: Piso en cerámica DUROPISO 0,3 X0,3 CORONA o Similar | J58: m2 | K58: =3.3*2.2 -> 7.26 | L58: ='Piso en cerámica DUROPISO 0,3 X'!E1 -> 63536 | N58: =L58*K58 -> 461271.36
B59: Puerta Aluminio 1.00x2.00 m TABLILLA | J59: Und | K59: 2 | L59: 544648 | N59: =L59*K59 -> 1089296
B61: SUBTOTAL | N61: =ROUND((SUM(N48:N60)),0) -> 6934894
B62: III. TRANSPORTES
B65: MATERIAL | I65: VOL. o PESO | J65: DISTANCIA | K65: M3 o Ton/Km | L65: TARIFA | N65: Vr. UNITARIO
B68: SUBTOTAL | N68: =SUM(N66:N67) -> 0
B69: IV. MANO DE OBRA
B70: IV. MANO DE OBRA
B72: TRABAJADOR | H72: CANTIDAD | I72: JORNAL | J72: PRESTACIONES | K72: JORNAL TOTAL | L72: RENDIMIENTO | N72: Vr. UNITARIO
B73: OFICIAL | H73: 1 | I73: =I74*2 -> 74478 | J73: 1.85 | K73: =H73*I73*J73 -> 137784.3 | L73: 30 | N73: =K73/L73 -> 4592.81
B74: AYUDANTE | H74: 2 | I74: 37239 | J74: 1.85 | K74: =H74*I74*J74 -> 137784.3 | L74: 30 | N74: =K74/L74 -> 4592.81
B78: SUBTOTAL | N78: =ROUND((SUM(N73:N77)),0) -> 9186
B80: TOTAL COSTO DIRECTO | N80: =ROUND((+N78+N68+N61+N43),0) -> 6947080
B81: V. COSTOS INDIRECTOS
B82: V. COSTOS INDIRECTOS
B84: Descripción | K84: Porcentaje | L84: Valor Total
B85: ADMINISTRACION | K85: 0.1 | L85: =+N80*K85 -> 694708 | N85: 3227.1
B86: IMPREVISTOS | K86: 0.05 | L86: =+N80*K86 -> 347354 | N86: 968.13
B87: UTILIDAD | K87: 0.05 | L87: =+N80*K87 -> 347354 | N87: 1613.55
B88: SUBTOTAL | N88: =ROUND((L85+L86+L87),0) -> 1389416
B90: Precio Unitario Total Aproximado al peso | N90: =ROUND(N80+N88,0) -> 8336496
G92: =+'[40]SV-01'!$G$96 -> Firma
G93: =+'[40]SV-01'!$G$97 -> Nombre:
G94: =+'[40]SV-01'!$G$98 -> Representante Legal del Contratista o su Apoderado
G95: =+'[40]SV-01'!$G$99 -> Matricula No. :
B97: =+'[40]SV-01'!$B$101 -> OBSERVACIONES INTERVENTORÍA
G101: =+'[40]SV-01'!$G$105 -> Firma
G102: =+'[40]SV-01'!$G$106 -> Nombre:
G103: =+'[40]SV-01'!$G$107 -> Representante Legal del Interventor o su Apoderado
G104: =+'[40]SV-01'!$G$108 -> Matricula No. :
B105: =+'[40]SV-01'!$B$109 -> Original: Archivo de Gestión Contractual ( Subdirecciòn Administrativa)
B106: =+'[40]SV-01'!$B$110 -> Copias : Unidad Ejecutora, Contratista, Interventor y Dirección Territorial.

Sheet caja de inspección 60x60x60
A3: CAJAS INSPECCION .60 X .60, EN LADRILLO CORRIENTE, PAÑETADA IMPERMABILIZADA INTEGRALMENTE, INCLUYE EXCAVACIÓN Y TAPE, TAPA Y HERRAJES, CAÑUELAS, MARCOS EN ANGULO DE 1 1/2"X3/16 E INCLUYE TODO LO NECESARIO PARA SU CORRECTO FUNCIONAMIENTO | B3: UN | E3: =ROUND((SUM(E4:E12)),0) -> 293736
A4: MORTERO 1:4 IMPERMEABILIZADO PARA PEGA Y PAÑETES | B4: M3 | C4: 0.1 | D4: 413735 | E4: =C4*D4 -> 41373.5
A5: MORTERO 1:4 IMPERMEABILIZADIO PARA CAÑUELAS | B5: M3 | C5: 0.02 | D5: 413735 | E5: =C5*D5 -> 8274.7
A6: CONCRETO 1:2:3 IMPERMEABILIZADO PARA TAPA Y FONDO | B6: M3 | C6: 0.0896 | D6: 396318 | E6: =C6*D6 -> 35510.093
A7: LADRILLO CORRIENTE .07X.11X.22 | B7: UN | C7: 92.8 | D7: 700 | E7: =C7*D7 -> 64960
A8: TAPA Y MARCO PARA REGISTRO ELECTRICO O SANITARIO 0.60X0.60, EN ANGULO 3/16X1 1/2" EN TAPA Y MARCO, INCL. VARILLAS DE 6MM Y ANTICORROSIVO | B8: UN | C8: 1 | D8: 62640 | E8: =C8*D8 -> 62640
A9: DESPERDICIO | B9: % | C9: 0.05 | D9: 150118.29 | E9: =C9*D9 -> 7505.9146
A10: TRANSPORTE | B10: % | C10: 0.01 | D10: 64960 | E10: =C10*D10 -> 649.6
A11: HERRAMIENTAS MENORES | B11: %MO | C11: 0.03 | D11: 70701.491 | E11: =C11*D11 -> 2121.0447
A12: MANO DE OBRA AA | B12: hc | C12: 2.8 | D12: 25250.532 | E12: =C12*D12 -> 70701.491

Sheet RED SANITARIA PVC 1 1 2
A2: RED SANITARIA PVC 1 1/2- INCL. EXC. INSTALACION Y TAPE | B2: ML | E2: =ROUND((SUM(E3:E11)),0) -> 23070
A3: UNIÓN PVC SANIT 1 1/2 | B3: UN | C3: 0.167 | D3: 2234 | E3: =C3*D3 -> 373.078
A4: SOLDADURA PVC LIQUIDA 1/4 | B4: UN | C4: 0.01 | D4: 84913.64 | E4: =C4*D4 -> 849.1364
A5: LIMPIADOR PVC LIQUIDA 1/4 | B5: UN | C5: 0.01 | D5: 40943.14 | E5: =C5*D5 -> 409.4314
A6: CODO 90° 1/4 CXC SANITARIO 1 1/2 | B6: UN | C6: 0.01 | D6: 4183 | E6: =C6*D6 -> 41.83
A7: TUBO PVC SANITARIO 1 1/2 | B7: ML | C7: 1 | D7: 9503 | E7: =C7*D7 -> 9503
A8: DESPERDICIO | B8: % | C8: 0.03 | D8: 11176.476 | E8: =C8*D8 -> 335.29427
A9: TRANSPORTE | B9: % | C9: 0.01 | D9: 11511.77 | E9: =C9*D9 -> 115.1177
A10: HERRAMIENTAS MENORES | B10: %MO | C10: 0.03 | D10: 11110.234 | E10: =C10*D10 -> 333.30703
A11: MANO DE OBRA BB | B11: hc | C11: 0.4 | D11: 27775.586 | E11: =C11*D11 -> 11110.234

Sheet RED HIDRAULICA SUMIN. PVC 1 2
A1: RED HIDRAULICA SUMINISTRO PVC 1/2 | B1: ML | E1: =ROUND((SUM(E2:E9)),0) -> 11451
A2: TUBO PRESIÓN /9 PVC 1/2 | B2: ML | C2: 1 | D2: 2993 | E2: =C2*D2 -> 2993
A3: CODO 90° PRESIÓN PVC 1/2 | B3: UN | C3: 0.5 | D3: 487 | E3: =C3*D3 -> 243.5
A4: SOLDADURA PVC LIQUIDA 1/4 | B4: UN | C4: 0.005 | D4: 110277 | E4: =C4*D4 -> 551.385
A5: LIMPIADOR PVC LIQUIDA 1/4 | B5: UN | C5: 0.005 | D5: 53173 | E5: =C5*D5 -> 265.865
A6: DESPERDICIO | B6: % | C6: 0.05 | D6: 4053.75 | E6: =C6*D6 -> 202.6875
A7: TRANSPORTE | B7: % | C7: 0.01 | D7: 4256.4375 | E7: =C7*D7 -> 42.564375
A8: HERRAMIENTAS MENORES | B8: %MO | C8: 0.03 | D8: 6943.8964 | E8: =C8*D8 -> 208.31689
A9: MANO DE OBRA BB | B9: hc | C9: 0.25 | D9: 27775.586 | E9: =C9*D9 -> 6943.8964

Sheet Muros sencillo en ladrillo comú
A1: MURO SENCILLO 0.15, LADRILLO COMUN .07X.11X.22 INCLUYE MORTERO 1:4 | B1: M2 | E1: =ROUND((SUM(E2:E8)),0) -> 67535
A2: LADRILLO CORRIENTE .07X.11X.22 | B2: UN | C2: 50.063 | D2: 700 | E2: =C2*D2 -> 35044.1
A3: MORTERO 1:4 | B3: M3 | C3: 0.026 | D3: 375033 | E3: =C3*D3 -> 9750.858
A4: DESPERDICIO | B4: % | C4: 0.05 | D4: 44794.958 | E4: =C4*D4 -> 2239.7479
A5: TRANSPORTE | B5: % | C5: 0.01 | D5: 47034.706 | E5: =C5*D5 -> 470.34706
A6: ANDAMIO TUBULAR | B6: d | C6: 0.2 | D6: 2618 | E6: =C6*D6 -> 523.6
A7: HERRAMIENTAS MENORES | B7: %MO | C7: 0.03 | D7: 18937.899 | E7: =C7*D7 -> 568.13698
A8: MANO DE OBRA AA | B8: hc | C8: 0.75 | D8: 25250.532 | E8: =C8*D8 -> 18937.899

Sheet PAÑETE IMPERMEABILIZADO EN MURO
A1: PAÑETE IMPERMEABILIZADO EN MUROS 1:4 | B1: M2 | E1: =ROUND((SUM(E2:E7)),0) -> 27771
A2: ANDAMIO TUBULAR | B2: d | C2: 0.4 | D2: 2618 | E2: =C2*D2 -> 1047.2
A3: MORTERO 1:4 IMPERMEABILIZADO | B3: M3 | C3: 0.02 | D3: 413735 | E3: =C3*D3 -> 8274.7
A4: DESPERDICIO | B4: % | C4: 0.03 | D4: 4957.28 | E4: =C4*D4 -> 148.7184
A5: TRANSPORTE | B5: % | C5: 0.01 | D5: 9470.6184 | E5: =C5*D5 -> 94.706184
A6: HERRAMIENTAS MENORES | B6: %MO | C6: 0.03 | D6: 17675.373 | E6: =C6*D6 -> 530.26118
A7: MANO DE OBRA AA | B7: hc | C7: 0.7 | D7: 25250.532 | E7: =C7*D7 -> 17675.373

Sheet enchape de baño
A1: ENCHAPE EN CERAMICA 20,5 X 20,5 CM | B1: M2 | E1: =ROUND((SUM(E2:E9)),0) -> 59250
A2: Pegacor Gris | B2: Kg | C2: 4.2 | D2: 1275 | E2: =C2*D2 -> 5355
A3: Agua | B3: Lt | C3: 16.8 | D3: 47 | E3: =C3*D3 -> 789.6
A4: Ceramica Piso Pared 20,5 x 20,5 cm | B4: M2 | C4: 1.05 | D4: 27817 | E4: =C4*D4 -> 29207.85
A5: Blanco de Zinc | B5: Lb | C5: 0.1 | D5: 3249 | E5: =C5*D5 -> 324.9
A6: Estopa de limpieza | B6: Kg | C6: 0.05 | D6: 9028 | E6: =C6*D6 -> 451.4
A7: EQUIPO Y HERRAMIENTA | E7: 622.08
A8: TRANSPORTES | E8: 1612
A9: MANO DE OBRA (1 OFICIAL+1 AYUD.) | B9: DIA | C9: 0.14 | D9: 149191 | E9: =C9*D9 -> 20886.74

Sheet Piso en cerámica DUROPISO 0,3 X
A1: PISO EN CERAMICA DUROPISO .30X.30 DE PRIMERA CALIDAD, ALTO TRAFICO TIPO CORONA O SIMILAR. | B1: M2 | E1: =ROUND((SUM(E2:E8)),0) -> 63536
A2: CERÁMICA DUROPISO CORONA ALTO TRAFICO | B2: M2 | C2: 1 | D2: 38262 | E2: =C2*D2 -> 38262
A3: CONCOLOR 1.5 BLANCO NACAR O SIMILAR | B3: kg | C3: 0.11 | D3: 4748 | E3: =C3*D3 -> 522.28
A4: PEGACOR BLANCO | B4: kg | C4: 3 | D4: 1320 | E4: =C4*D4 -> 3960
A5: DESPERDICIO | B5: % | C5: 0.05 | D5: 42744.28 | E5: =C5*D5 -> 2137.214
A6: TRANSPORTE | B6: % | C6: 0.01 | D6: 44881.494 | E6: =C6*D6 -> 448.81494
A7: HERRAMIENTAS MENORES | B7: %MO | C7: 0.03 | D7: 17675.373 | E7: =C7*D7 -> 530.26118
A8: MANO DE OBRA AA | B8: hc | C8: 0.7 | D8: 25250.532 | E8: =C8*D8 -> 17675.373
